 Dungeon Crawl Stone Soup version 0.31-a0-995-g04711c9635 (webtiles) character file.

Game seed: 6812386004928400035

2191945 MackTheKnife the Slayer (level 27, 321/321 HPs)
             Began as a Demonspawn Summoner on Nov 6, 2023.
             Was the Champion of Ashenzari.
             Escaped with the Orb
             ... and 4 runes!
             The game lasted 03:42:57 (77842 turns).

MackTheKnife the Slayer (Demonspawn Summoner)      Turns: 77842, Time: 03:42:57

Health: 321/321    AC: 26    Str: 18    XL:     27
Magic:  49/49      EV: 35    Int: 30    God:    Ashenzari [******]
Gold:   4740       SH: 25    Dex: 19    Spells: 8/71 levels left

rFire   + + .        D - +3 Elemental Staff {ele, rElec rF+ rC+ AC+3, Elem, Cun} (curse)
rCold   + + .        N - +2 kite shield of the Sublime Paranoia {Comp, Fort} (curse)
rNeg    . . .        H - +3 robe of Clouds {*Thunder rCloud rElec, Dev, Comp} (curse)
rPois   .            (helmet unavailable)
rElec   +            u - +2 cloak "Overhang to Understand" {Self, Cun} (curse)
rCorr   .            K - +3 pair of gauntlets of War {Slay+5, Melee, Self} (curse)
SInv    +            W - +3 pair of mountain boots {steadfast, rC+, Alch, Self} (curse)
Will    +++..        S - amulet "Clairvoyant Negation" {Reflect Int+4 SH+5, Elem, Cun} (curse)
Stlth   ++           f - ring of the Tethered Moon {rF+ EV+5 Str+6 Stlth+, Melee, Self} (curse)
HPRegen 0.73/turn    F - ring of the Omniscient Cosmos {Will+, Bglg, Cun} (curse)
MPRegen 0.31/turn

%: reflection, clarity, wizardry (x1)
@: hasted, studying Dodging, very quick
A: antennae 3, demonic guardian 3, icemail 2, robust 3, big brain 3,
condensation shield, hooves 1, deformed body, deterioration 1, weak 1,
MP-powered wands
0: Orb of Zot
}: 4/15 runes: decaying, slimy, silver, gossamer
a: Renounce Religion, Shatter the Chains


You escaped.
You worshipped Ashenzari.
Ashenzari was exalted by your worship.
You visited 11 branches of the dungeon, and saw 53 of its levels.
You also visited: Wizlab and Desolation.

You collected 8811 gold pieces.
You spent 4071 gold pieces at shops.


Innate Abilities, Weirdness & Mutations

You have a pair of large antennae on your head. (SInv)
A powerful demonic guardian rushes to your aid.
A meltable icy envelope protects you from harm. (AC +8)
You are extremely robust. (+30% HP)
You have an absolutely massive brain. (Int +6, Wiz)
A meltable shield of frost defends you. (SH +4)
You have large cloven feet.
Armour fits poorly on your strangely shaped body.
Your body sometimes deteriorates upon taking damage.
You are weak. (Str -2)
You expend magic power (3 MP) to strengthen your wands.


   Skills:
 + Level 21.3(26.6) Fighting
 - Level 11.5(16.7) Polearms
 - Level 11.8(16.8) Staves
 + Level 20.4(25.8) Dodging
 - Level 3.2(7.8) Stealth
 - Level 12.9(15.3) Shields
 - Level 17.0(22.5) Spellcasting
 - Level 14.6(17.0) Conjurations
 - Level 3.8(6.0) Hexes
 - Level 7.7(11.3) Summonings
 - Level 9.5(13.1) Necromancy
 - Level 4.0(6.2) Translocations
 - Level 7.1(10.7) Ice Magic
 - Level 6.0(9.6) Air Magic
 - Level 10.9(14.5) Earth Magic
 - Level 17.6(19.9) Evocations


You had 8 spell levels left.
You knew the following spells:

 Your Spells              Type           Power      Damage    Failure   Level
a - Summon Mana Viper     Hex/Summ       72%        N/A       1%          5
b - Yara's Violent Unrav  Hex/Tmut       26%        3d11      4%          5
c - Wereblood             Tmut           35%        N/A       1%          2
d - Dispel Undead         Necr           85%        3d27      1%          4
e - Lehudib's Crystal Sp  Conj/Erth      56%        10d13     6%          8
f - Ozocubu's Refrigerat  Ice            49%        4d18      6%          7
g - Apportation           Tloc           100%       N/A       1%          1
h - Summon Forest         Summ/Tloc      36%        N/A       1%          5
i - Freezing Cloud        Conj/Ice/Air   63%        6-21      1%          5
j - Borgnjor's Vile Clut  Necr/Erth      54%        N/A       1%          5
k - Dispersal             Tloc           31%        N/A       8%          6
A - Animate Dead          Necr           85%        N/A       1%          4
B - Death Channel         Necr           42%        N/A       1%          6

Your spell library contained the following spells:

 Spells                   Type           Power      Damage    Failure   Level
 Freeze                   Ice            100%       1d10      0%          1
 Kiss of Death            Conj/Necr      100%       2d13      0%          1
 Sandblast                Erth           100%       2d20      0%          1
 Summon Small Mammal      Summ           100%       N/A       0%          1
 Call Imp                 Summ           100%       N/A       0%          2
 Static Discharge         Conj/Air       100%       3-8/arc   0%          2
 Hailstorm                Conj/Ice       100%       3d20      0%          3
 Stone Arrow              Conj/Erth      100%       3d13      0%          3
 Vampiric Draining        Necr           85%        2d12      0%          3
 Foxfire                  Conj/Fire      100%       2x1d9     1%          1
 Slow                     Hex            100%       N/A       1%          1
 Sting                    Tmut/Pois      100%       1d8       1%          1
 Blink                    Tloc           100%       N/A       1%          2
 Cigotuvi's Dreadful Rot  Necr/Pois/Air  100%       N/A       1%          2
 Ensorcelled Hibernation  Hex/Ice        100%       N/A       1%          2
 Jinxbite                 Hex            100%       N/A       1%          2
 Lesser Beckoning         Tloc           100%       N/A       1%          2
 Passwall                 Tmut/Erth      72%        N/A       1%          2
 Poisonous Vapours        Pois/Air       100%       N/A       1%          2
 Call Canine Familiar     Summ           80%        N/A       1%          3
 Confusing Touch          Hex            63%        N/A       1%          3
 Dazzling Flash           Conj/Hex       100%       N/A       1%          3
 Frozen Ramparts          Ice            100%       1d16      1%          3
 Gell's Gravitas          Tloc           63%        N/A       1%          3
 Ignite Poison            Fire/Tmut/Pois 52%        N/A       1%          3
 Mephitic Cloud           Conj/Pois/Air  93%        N/A       1%          3
 Ozocubu's Armour         Ice            99%        N/A       1%          3
 Sigil of Binding         Hex            63%        N/A       1%          3
 Summon Guardian Golem    Hex/Summ       72%        N/A       1%          3
 Swiftness                Air            95%        N/A       1%          3
 Teleport Other           Tloc           63%        N/A       1%          3
 Tukima's Dance           Hex            63%        N/A       1%          3
 Airstrike                Air            47%        2d(7-23)  1%          4
 Animate Armour           Summ/Erth      100%       N/A       1%          4
 Brom's Barrelling Bould  Conj/Erth      100%       2d11      1%          4
 Dimensional Bullseye     Hex/Tloc       31%        N/A       1%          4
 Iskenderun's Mystic Bla  Conj/Tloc      81%        2d16      1%          4
 Manifold Assault         Tloc           63%        N/A       1%          4
 Passage of Golubria      Tloc           63%        N/A       1%          4
 Summon Ice Beast         Ice/Summ       100%       N/A       1%          4
 Summon Lightning Spire   Summ/Air       98%        N/A       1%          4
 Agony                    Necr           85%        N/A       1%          5
 Metabolic Englaciation   Hex/Ice        45%        N/A       1%          5
 Silence                  Hex/Air        44%        N/A       1%          5
 Simulacrum               Ice/Necr       51%        N/A       1%          6
 Summon Cactus Giant      Summ           40%        N/A       1%          6
 Starburst                Conj/Fire      46%        6d13      2%          6
 Monstrous Menagerie      Summ           40%        N/A       4%          7
 Summon Hydra             Summ           40%        N/A       4%          7
 Plasma Beam              Fire/Air       48%        2x1d63    12%         6
 Alistair's Intoxication  Tmut/Pois      23%        N/A       16%         5
 Eringya's Noxious Bog    Tmut/Pois      17%        4d6       61%         6
 Disjunction              Tloc           31%        N/A       95%         8
 Shatter                  Erth           55%        3d41*     82%         9
 Chain Lightning          Conj/Air       53%        3d71      92%         9
 Fire Storm               Conj/Fire      46%        8d12      100%        9

Inventory:

Hand Weapons
 D - the cursed +3 Elemental Staff (weapon) {ele, rElec rF+ rC+ AC+3, Elem, Cun}
   (You found it on level 4 of the Vaults)

   AC+3:      It affects your AC (+3).
   rF+:       It protects you from fire.
   rC+:       It protects you from cold.
   rElec:     It insulates you from electricity.
   It has a curse which improves the following skills: Elements: Fire Magic, Ice
   Magic, Air Magic and Earth Magic.
   Cunning:   Dodging and Stealth.
Armour
 u - the cursed +2 cloak "Overhang to Understand" (worn) {Self, Cun}
   (You took it off Crazy Yiuf on level 3 of the Dungeon)

   It has a curse which improves the following skills: Introspection: Fighting
   and Spellcasting.
   Cunning:   Dodging and Stealth.
 H - the cursed +3 robe of Clouds (worn) {*Thunder rCloud rElec, Dev, Comp}
   (You took it off a Cloud Mage in a wizard's laboratory)

   *Thunder:  It occasionally creates storm clouds above nearby enemies.
   rCloud:    It grants its wearer immunity to clouds.
   rElec:     It insulates you from electricity.
   It has a curse which improves the following skills: Devices: Evocations and
   Shapeshifting.
   Companions: Summonings and Necromancy.
 K - the cursed +3 pair of gauntlets of War (worn) {Slay+5, Melee, Self}
   (You found it on level 3 of the Elven Halls)

   Slay+5:    It affects your accuracy & damage with ranged weapons and melee
   (+5).
   It has a curse which improves the following skills: Melee Combat: Short
   Blades, Long Blades, Axes, Maces & Flails, Polearms, Staves and Unarmed
   Combat.
   Introspection: Fighting and Spellcasting.
 N - the cursed +2 kite shield of the Sublime Paranoia (worn) {Comp, Fort}
   (You found it on level 2 of the Lair of Beasts)

   It has a curse which improves the following skills: Companions: Summonings
   and Necromancy.
   Fortitude: Armour and Shields.
 P - the +3 kite shield of Forking Paths {*Corrode Str+2 Int+2}
   (You acquired it on level 3 of the Vaults)

   Str+2:     It affects your strength (+2).
   Int+2:     It affects your intelligence (+2).
   *Corrode:  It may corrode you when you take damage.
 W - the cursed +3 pair of mountain boots (worn) {steadfast, rC+, Alch, Self}
   (You found it in the Desolation of Salt)

   Steadfast: It prevents involuntary movement, except for blinking,
   teleportation, or banishment.
   rC+:       It protects you from cold.
   It has a curse which improves the following skills: Alchemy: Poison Magic and
   Transmutations.
   Introspection: Fighting and Spellcasting.
Jewellery
 f - the cursed ring of the Tethered Moon (left hand) {rF+ EV+5 Str+6 Stlth+, Melee, Self}
   (You found it in the Desolation of Salt)

   [ring of evasion]

   EV+5:      It affects your evasion (+5).
   Str+6:     It affects your strength (+6).
   rF+:       It protects you from fire.
   Stlth+:    It makes you more stealthy.
   It has a curse which improves the following skills: Melee Combat: Short
   Blades, Long Blades, Axes, Maces & Flails, Polearms, Staves and Unarmed
   Combat.
   Introspection: Fighting and Spellcasting.
 F - the cursed ring of the Omniscient Cosmos (right hand) {Will+, Bglg, Cun}
   (You bought it in a shop on level 9 of the Dungeon)

   [ring of willpower]

   Will+:     It increases your willpower.
   It has a curse which improves the following skills: Beguiling: Conjurations,
   Hexes and Translocations.
   Cunning:   Dodging and Stealth.
 S - the cursed amulet "Clairvoyant Negation" (around neck) {Reflect Int+4 SH+5, Elem, Cun}
   (You found it in the Desolation of Salt)

   [amulet of reflection]

   Reflect:   It reflects blocked missile attacks.
   Int+4:     It affects your intelligence (+4).
   SH+5:      It affects your SH (+5).
   It has a curse which improves the following skills: Elements: Fire Magic, Ice
   Magic, Air Magic and Earth Magic.
   Cunning:   Dodging and Stealth.
 U - the ring of Saabeakk {rPois Dex+6 SInv}
   (You found it in the Desolation of Salt)

   [ring of see invisible]

   Dex+6:     It affects your dexterity (+6).
   rPois:     It protects you from poison SInv: It lets you see invisible.
 Z - the ring of Vuos {Ice Drain rN+ Will+ Dex+2}
   (You found it in the Desolation of Salt)

   [ring of ice]

   Ice:       It enhances your ice magic.
   Dex+2:     It affects your dexterity (+2).
   rF-:       It makes you vulnerable to fire.
   rC+:       It protects you from cold.
   rN+:       It protects you from negative energy.
   Will+:     It increases your willpower.
   Drain:     It drains your maximum health when unequipped.
Wands
 c - a wand of digging (25)
   (You found it on level 1 of the Swamp)
 d - a wand of paralysis (9)
   (You found it on level 5 of the Vaults)
 G - a wand of iceblast (45)
   (You found it on level 8 of the Dungeon)
 Q - a wand of quicksilver (17)
   (You took it off a centaur on level 11 of the Dungeon)
Scrolls
 a - 6 scrolls of blinking {!r}
 e - a scroll of amnesia
 j - 8 scrolls of vulnerability {!r!r}
 k - 6 scrolls of poison
 n - 20 scrolls of teleportation {@r4}
 p - 4 scrolls of fear
 q - 5 scrolls of enchant armour
 I - 3 scrolls of silence {!r}
 L - 7 scrolls of fog
 R - 4 scrolls of summoning
Potions
 b - 4 potions of magic
 g - 5 potions of ambrosia
 h - 10 potions of might
 o - 6 potions of mutation {!q}
 v - 14 potions of heal wounds {@q2}
 w - 4 potions of resistance
 z - 3 potions of invisibility
 A - 20 potions of curing {@q1}
 B - 5 potions of cancellation
 C - 3 potions of brilliance
 M - 3 potions of haste {@q3}
 X - 3 potions of enlightenment
Miscellaneous
 r - a phial of floods
   (You found it on level 5 of the Lair of Beasts)
 s - a condenser vane
   (You found it on level 2 of the Vaults)
 t - a phantom mirror (inert)
   (You found it on level 13 of the Dungeon)
 V - a lightning rod (4/4)
   (You found it on level 2 of the Vaults)
 Y - a sack of spiders
   (You found it on level 14 of the Dungeon)

Dungeon Overview and Level Annotations

Branches:
Dungeon (15/15)            Temple (1/1) D:4            Lair (5/5) D:9
  Swamp (4/4) Lair:2       Spider (4/4) Lair:3        Slime (5/5) Lair:5
    Orc (2/2) D:11            Elf (3/3) Orc:2        Vaults (5/5) D:14
  Crypt (0/3) Vaults:3     Depths (4/4) D:15            Zot (5/5) Depths:4
 WizLab (visited)         Desolation (visited)

Altars:
Ashenzari
Cheibriados
Dithmenos
Fedhas
Gozag
Hepliaklqana
Kikubaaqudgha
Makhleb
Nemelex Xobeh
Okawaru
Qazlal
Ru
Sif Muna
Trog
Uskayaw
Vehumet
Wu Jian
Xom
Yredelemnul

Shops:
D:4 ?   D:9 =   D:11 [*   Orc:2 =[=**   Elf:1 !![*   Elf:2 ?   Vaults:1 [
Depths:1 :=:

Portals:
Hell: Depths:1 Depths:2 Depths:4
Pandemonium: Orc:2 Depths:2 Depths:4
Ziggurat: Depths:1

Annotations:
D:5 Grinder
D:7 Maggie
Lair:1 exclusion: oklob plant
Lair:4 1 runed translucent door
Lair:5 exclusion: door
Swamp:3 Roxanne
Spider:3 3 runed translucent doors, Gonzollydolly's ghost, adept AtIE; Pi314's ghost, adept HOMo
Elf:2 3 runed translucent doors
Depths:4 exclusion: upstairs
Zot:5 exclusions: 2 upstairs and 1 more exclusion

#####..'...+.~~~~~~~~~~~~≈~~~{~..
#..[..##...##~..8..........8..~.#
#.########...~.##############.~..
#.....# ###.~8#.#.§≈.#~~~~~#8~#{
#####.### #.~.#.#.§≈.#~.§.~#.{#.
#...####.~.#.#.≈≈.#~.#{{#.~#.
###.....>~.#.#.§§.#~.#X~#.
######.~.#.#§§§°#~.#.~#{~#.
#.~.#@'§§§°°..#..'.3..
#.~.#.'§§[§°°.#..'...#
#.~.#.#.≈≈§#L.#.~#.~##
#.~.#.#.§≈.#~○#{☼#8~#
#.~.#.#.≈≈.#○°#§~#.~##
#.~.#.#.≈≈.#~°☼.~#.~#.
#.~8#.#.≈≈.#~○☼☼~#8~#.
#.~.##############.~#.
#.~..8..........8..~#.


There were no monsters in sight!


Message History

The lich flickers and vanishes for a moment.
The lich gestures wildly while chanting.
The lich flickers and vanishes for a moment.
You climb upwards.
There is a stone staircase leading down here.
Unknown command. 😎 MP[+1]
Aiming: Dig
Press: ? - help, Shift-Dir - straight line A rock wall.
This square is covered in magical glow.
You feel a surge of power!
The rock shatters into small pieces. 😎 MP[-3]
You lost 3 mp, and now have 33/49 mp. 😎 MP[+2]
You regained 2 mp, and now have 35/49 mp. 😎 MP[+1]
There is a stone staircase leading up here.
You climb upwards.
There is a stone staircase leading down here. 😎 MP[+1]
There is a stone staircase leading up here. 😎 MP[+3]
You regained 3 mp, and now have 40/49 mp.
You climb upwards.
There is a stone staircase leading down here. 😎 MP[+1]
A shadow demon comes into view. 😎 MP[+4]
You regained 4 mp, and now have 45/49 mp.
You can't go up here! 😎 MP[+1]
The shadow demon gestures. 😎 MP[+1]
There is a stone staircase leading up here.
You climb upwards.
There is a stone staircase leading down here. 😎 MP[+1]
An ice devil comes into view. 😎 MP[+1]
Your mp is fully restored (49).
You can't go up here!
You hit the ice devil but do no damage.
You electrocute the ice devil!
You hit the ice devil. You block the ice devil's attack.
You sock the ice devil!
You electrocute the ice devil!
You block the ice devil's attack.
You sock the ice devil! You crush the ice devil.
You hit the ice devil but do no damage.
You electrocute the ice devil!
You kill the ice devil!
You see here a stone {throwing}.
You open the door.
There is an open door here.
You enter the shallow water.
Moving in this stuff is going to be slow.
You enter the shallow water.
Moving in this stuff is going to be slow.
You sense a monster nearby.
You enter the shallow water.
Moving in this stuff is going to be slow.
There is a large open door here.
You enter the shallow water.
Moving in this stuff is going to be slow.
A Kasa and a lich come into view.
The lich shouts!
An Orb Guardian comes into view.
Press: ? - help, v - describe, . - travel
Here: Kasa (wandering, surrounded by freezing clouds, hasn't noticed you)
A large open door.
Unknown command.
Unknown command.
Unknown command.
What are your orders? t - Shout!
Orders for allies: a - Attack new target. r - Retreat! s - Stop attacking. g - Guard the area. f - Follow me.
Anything else - Cancel.
You shout for attention!
Jeeha comes into view.
Blink to where?
Press: ? - help, Dir - move target
Okay, then.
Unknown command.
Press: ? - help, v - describe, . - travel
Here: Jeeha Some shallow water.
You feel yourself speed up.
A smoke demon comes into view.
Blink to where?
Press: ? - help, Dir - move target
As you read the scroll of blinking {!r}, it crumbles to dust.
Unknown command.
Unknown command.
Blink to where?
Press: ? - help, Dir - move target
As you read the scroll of blinking {!r}, it crumbles to dust.
Blink to where?
Press: ? - help, Dir - move target
As you read the scroll of blinking {!r}, it crumbles to dust.
You have escaped!

Skill      XL: |  1  2  3  4  5  6  7  8  9 10 11 12 13 14 15 16 17 18 19 20 21 22 23 24 25 26 27 |
---------------+----------------------------------------------------------------------------------+-----
Stealth        | 2 3 |  3.2
Summonings     | 5 6 7 |  7.7
Hexes          | 3 |  3.8
Dodging        | 3 6 7 8 10 11 12 14 15 17 19 20 | 20.4
Fighting       | 3 6 8 10 12 13 15 16 18 20 21 | 21.3
Spellcasting   | 3 4 8 10 11 12 16 17 | 17.0
Conjurations   | 4 6 7 8 10 14 | 14.6
Earth Magic    | 4 6 10 | 10.9
Evocations     | 2 3 5 6 14 16 17 | 17.6
Air Magic      | 4 6 |  6.0
Translocations | 4 |  4.0
Ice Magic      | 4 5 7 |  7.1
Shields        | 3 10 12 | 12.9
Necromancy     | 4 7 9 |  9.5
Polearms       | 10 11 | 11.5
Staves         | 6 11 | 11.8

Action                     |  1- 3 |  4- 6 |  7- 9 | 10-12 | 13-15 | 16-18 | 19-21 | 22-24 | 25-27 || total
---------------------------+-------+-------+-------+-------+-------+-------+-------+-------+-------++-------
  Melee: Dagger            |    65 |    35 |   136 |       |       |       |       |       |       ||   236
         Unarmed           |     4 |       |       |       |       |       |       |       |       ||     4
         Punch             |     1 |       |     3 |     1 |     8 |       |       |       |       ||    13
         Trident           |       |       |    46 |   181 |   513 |    27 |       |       |       ||   767
         Demon trident     |       |       |       |       |       |   645 |  1075 |   641 |       ||  2361
         Staff             |       |       |       |       |       |       |       |   223 |   824 ||  1047
  Throw: Dart              |     1 |     7 |     1 |       |       |       |       |       |       ||     9
   Cast: Summon Small Mamm |    36 |    20 |    11 |    11 |       |       |       |       |       ||    78
         Call Imp          |    18 |    24 |    22 |    17 |     2 |       |       |       |       ||    83
         Call Canine Famil |       |    21 |    46 |    44 |    53 |     7 |     2 |       |     1 ||   174
         Summon Guardian G |       |     2 |    34 |    58 |    22 |     1 |       |       |       ||   117
         Stone Arrow       |       |       |     5 |     9 |    10 |     1 |       |       |       ||    25
         Summon Lightning  |       |       |       |    38 |    56 |    22 |     4 |     1 |     3 ||   124
         Summon Forest     |       |       |       |     4 |    27 |    28 |    12 |     9 |     8 ||    88
         Freezing Cloud    |       |       |       |     3 |   122 |   122 |   105 |    67 |    29 ||   448
         Iskenderun's Myst |       |       |       |       |    14 |       |       |       |       ||    14
         Borgnjor's Vile C |       |       |       |       |    54 |   108 |   105 |    68 |    37 ||   372
         Animate Dead      |       |       |       |       |     1 |    13 |    17 |    14 |    13 ||    58
         Death Channel     |       |       |       |       |       |    22 |    23 |    21 |    21 ||    87
         Summon Mana Viper |       |       |       |       |       |       |    19 |     7 |     8 ||    34
         Dispel Undead     |       |       |       |       |       |       |       |     7 |     8 ||    15
         Yara's Violent Un |       |       |       |       |       |       |       |     5 |       ||     5
         Lehudib's Crystal |       |       |       |       |       |       |       |       |    21 ||    21
         Ozocubu's Refrige |       |       |       |       |       |       |       |       |     3 ||     3
         Wereblood         |       |       |       |       |       |       |       |       |     1 ||     1
         Apportation       |       |       |       |       |       |       |       |       |     1 ||     1
 Invoke: Curse Item        |       |       |     5 |     3 |     3 |     3 |     4 |     5 |       ||    23
         Shatter the Chain |       |       |     1 |     1 |     1 |     2 |     8 |     1 |       ||    14
  Evoke: Wand              |       |       |       |     6 |     8 |    17 |     9 |     4 |     4 ||    48
         Sack of spiders   |       |       |       |       |       |     2 |     4 |     2 |     1 ||     9
         Phantom mirror    |       |       |       |       |       |     3 |     3 |     2 |     2 ||    10
         Phial of floods   |       |       |       |       |       |       |     2 |       |       ||     2
         Condenser vane    |       |       |       |       |       |       |     2 |     4 |     1 ||     7
         Lightning rod     |       |       |       |       |       |       |     1 |    13 |     1 ||    15
    Use: Scroll            |     1 |     3 |     2 |     1 |     3 |    17 |     8 |     3 |    16 ||    54
         Potion            |       |       |       |       |       |     5 |     3 |     4 |     7 ||    19
   Stab: Distracted        |     1 |       |     5 |     6 |    21 |    19 |    25 |    28 |    21 ||   126
         Sleeping          |       |     1 |     1 |       |     1 |    10 |    20 |    12 |     8 ||    53
         Confused          |       |       |       |       |       |       |       |     1 |     2 ||     3
 Armour: Robe              |    27 |       |    25 |    96 |   145 |   175 |   203 |   187 |   239 ||  1097
         Leather armour    |     7 |    25 |    54 |       |       |       |       |       |       ||    86
  Dodge: Dodged            |    61 |     8 |   101 |   141 |   412 |   318 |   447 |   332 |   461 ||  2281
  Block: Other             |       |       |    19 |    25 |    21 |       |       |       |       ||    65
         Kite shield       |       |       |       |       |   483 |   477 |   597 |   509 |   683 ||  2749
         Reflection        |       |       |       |       |       |       |     8 |    30 |    13 ||    51

Levels and vault maps discovered:
D:1:      lightli_arrival_isolated_outpost, layout_basic,
          shapermc_ecumenical_altar_mp_highgroup, minmay_lizard_king
D:2:      layout_rooms, kennysheep_generic_room_7
D:3:      layout_loops_ring, uniq_crazy_yiuf_cottage
D:4:      layout_cave_pods, minmay_temple_entry_butterflies, serial_shops, shop,
          minmay_manual_maat
D:5:      layout_basic, uniq_grinder, uniq_eustachio, uniq_duvessa
D:6:      layout_loops_ring, kennysheep_nondescript, uniq_blork_the_orc,
          uniq_jeremiah, uniq_menkaure
D:7:      layout_basic, lightli_minifort, uniq_pikel, uniq_maggie
D:8:      layout_rooms
D:9:      layout_grid_maze, due_lair_maze_entry_diamond, serial_shops, shop
D:10:     layout_loops_corners, mainiacjoe_overflow_catwalk,
          nicolae_figureground_pulse, uniq_lodul
D:11:     minmay_the_grid_square_5x5_5x5_mashed
          [minmay_the_grid_square_5x5_trominoes,
          minmay_the_grid_square_5x5_doubleslash, minmay_the_grid_square_5x5_v,
          minmay_the_grid_square_5x5_shrine2,
          minmay_the_grid_square_5x5_one_wall,
          minmay_the_grid_square_5x5_almost_minimal,
          minmay_the_grid_square_5x5_prize_itemx,
          minmay_the_grid_square_5x5_checkered_sparse,
          minmay_the_grid_square_5x5_prize_open,
          minmay_the_grid_square_5x5_fancy_junction,
          minmay_the_grid_square_5x5_pentomino_r,
          minmay_the_grid_square_5x5_minivault,
          minmay_the_grid_square_5x5_prize_junk,
          minmay_the_grid_square_5x5_misaligned,
          minmay_the_grid_square_5x5_eight_small,
          minmay_the_grid_square_5x5_two_small,
          minmay_the_grid_square_5x5_prize_open,
          minmay_the_grid_square_5x5_broken_cross,
          minmay_the_grid_square_5x5_prize_open, minmay_the_grid_square_5x5_n,
          minmay_the_grid_square_5x5_percent, minmay_the_grid_square_5x5_tie,
          minmay_the_grid_square_5x5_moneybag,
          minmay_the_grid_square_5x5_intrusive_squares,
          minmay_the_grid_square_5x5_six], layout_loops_ring,
          minmay_orc_entry_temple_small, serial_shops, kennysheep_mini_moat,
          nicolae_shop_tiny_statue_garden
D:12:     layout_long_grid, hangedman_decor_opposing
D:13:     layout_loops_cross, serial_library_hellmonk_h_bend,
          nicolae_benzene_ring, minmay_misc_feat_rows
D:14:     wad_woods_structure_01, layout_basic, david_vaults_1,
          serial_bayou_pond_e, chequers_serial_rivers_large_a,
          david_defended_altar_orc
D:15:     grunt_enter_depths_hoard, layout_cave_pools
Temple:   compressed_dpeg_circular_temple
Lair:1:   layout_cave_pods, tgw_fedhas, infiniplex_staircase_pool
Lair:2:   layout_cave_pods, minmay_swamp_entry_worms, serial_bayou_lagoon_a
Lair:3:   layout_cave_pods, spider_nest_entry_web_field, grunt_megastairs_4
Lair:4:   layout_roguey, pdpol_lair_cabin_in_the_woods
Lair:5:   due_jungle_book, layout_regular_city, nicolae_slime_entry_slimehenge
Swamp:1:  layout_basic_swamp, hangedman_swamp_cone, uniq_nikola
Swamp:2:  nicolae_swamp_secret_spriggan_hideout, layout_basic_swamp,
          evilmike_swamp_ruin_house_6, swamp_pool_4
Swamp:3:  layout_basic_swamp, basic_altar, uniq_roxanne
Swamp:4:  nzn_swamp_witches_coven, layout_basic_swamp, swamp_pool_1_2,
          nicolae_swamp_drake_lake
Spider:1: nicolae_spider_mines_1, hellmonk_motheaten_closet
Spider:2: layout_spider_delve, guppyfry_hornet_nest,
          hangedman_spider_tarantella_strand
Spider:3: layout_cave_pods, gammafunk_ghost_cemetery
Spider:4: johnstein_spider_rune_arachne_lair
Slime:1:  layout_caves
Slime:2:  layout_caves
Slime:3:  layout_caves
Slime:4:  cheibrodos_slime_lost_civilization_2, layout_caves,
          amcnicky_altar_lugonu_corruption
Slime:5:  slime_pit_nicolae_royal_road_to_ruin
Orc:1:    layout_caves, basic_altar, uniq_gastronok
Orc:2:    pf_orc_diabolical, layout_caves, minmay_shop_enchanted_jewellery
Elf:1:    elf_arrival_002, layout_gridlike, hangedman_elf_represent,
          small_statue_intersection, drop_trap, billiards_dpeg,
          grunt_megastairs_1, minmay_shoptagon
Elf:2:    elven_hall_of_blades_hangedman_original [mumra_blade_entry_bloodbath],
          layout_geoelf_octagon, serial_shops, nicolae_shop_peninsula,
          eino_tiny_chamber
Elf:3:    minmay_elf_hall_dome, layout_rooms, nicolae_elf_big_sculpture_1,
          minivault_27, uniq_bai_suzhen
Vaults:1: infiniplex_enter_wizlab_spiral, v_pattern_1,
          nicolae_vaults_taking_the_gang_shopping,
          nicolae_vaults_trapezoid_lopsided_1, v_misc_2,
          nicolae_vaults_closet_pinwheel_2, vaults_room_pools,
          nicolae_vaults_house_3, nicolae_vaults_more_shelving_1, v_misc_17,
          nicolae_vaults_tetromino_L_1, v_misc_31, ontoclasm_vaults_pinch,
          ontoclasm_vaults_ring_large, vaults_dpeg_cross, layout_vaults_omnibox,
          uniq_norris
Vaults:2: nicolae_vaults_little_squares_3, hangedman_vaults_stream,
          nicolae_vaults_three_branches, hangedman_vaults_maws,
          vaults_room_door_ring, nicolae_vaults_storage_closets_1,
          nicolae_vaults_ring_of_whatevers, v_misc_27, vaults_room_ringed_pool,
          nicolae_vaults_tetromino_Z_1, nicolae_vaults_border_crossing,
          ontoclasm_vaults_loading_screen, layout_vaults_big_room, uniq_margery,
          uniq_jory, uniq_mennas
Vaults:3: portal_desolation_entry_twin_temple, nicolae_vaults_meiosis,
          minmay_crypt_entry_necro_gods, hangedman_vaults_river_flow,
          nicolae_vaults_six-pack, vaults_dpeg_hooks,
          nicolae_vaults_closet_pinwheel_4, v_misc_10, st_more_cells,
          nicolae_vaults_big_ls, nicolae_vaults_trapezoid_layered,
          nicolae_vaults_octothorpe, nicolae_vaults_little_squares_1,
          layout_vaults_maze
Vaults:4: gammafunk_ghost_necromancy, nicolae_vaults_spaceships, v_misc_12,
          vaults_room_pools, nicolae_vaults_ninety_degrees,
          ontoclasm_vaults_idyll, nicolae_vaults_inception_corners,
          nicolae_vaults_stairing_the_circle, nicolae_vaults_holding_cells,
          vaults_room_door_hall, nicolae_vaults_circle_grid_b,
          nicolae_vaults_tetromino_L_1, layout_vaults_omnicross
Vaults:5: serial_shops
Depths:1: layout_roguey, enter_ziggurat_b, hellmouth_2,
          nicolae_vehumet_altar_sigil, xom_redecorated, minmay_shop_grove,
          uniq_enchantress
Depths:2: minmay_concentric_multi, layout_gridlike, hell_entry,
          grunt_pan_entry_in_and_out, infiniplex_staircase_pillars_3b
Depths:3: lemuel_river_lethe, hell_entry, abyss_entry
Depths:4: grunt_zot_entry_alcove, layout_basic, pf_hell_entry_tar_spiral,
          grunt_pan_entry_zigzag, nrook_mini_vaults, okawaru_altar_gauntlet_db,
          serial_bayou_shore_b, uniq_xtahua
Zot:1:    layout_onion, nicolae_lava_and_water
Zot:2:    hangedman_zot_vaults_quadrants, layout_onion
Zot:3:    layout_gridlike, zot_minivault_3
Zot:4:    layout_twisted_circle, nzn_ghost_randoct, regret_index_zotdec_fiery_em
Zot:5:    layout_gridlike, grunt_ministairs_1

Notes
Turn   | Place    | Note
-------+----------+-------------------------------------------
     0 | D:1      | MackTheKnife the Demonspawn Summoner began the quest for
                  | the Orb.
     0 | D:1      | Reached XP level 1. HP: 13/13 MP: 3/3
     0 | D:1      | magus.rc [v1.9.6]
   125 | D:1      | Reached skill level 2 in Stealth
   327 | D:1      | Gained mutation: A weak demonic guardian rushes to your
                  | aid. [demonic ancestry]
   327 | D:1      | Reached XP level 2. HP: 19/19 MP: 1/5
   330 | D:1      | Learned a level 2 spell: Call Imp
   487 | D:1      | Found a faded altar of an unknown god.
  1114 | D:2      | You pick up a book of Fire and begin reading...
  1114 | D:2      | You add the spells Foxfire, Plasma Beam and Starburst to
                  | your library.
  1226 | D:2      | Gained mutation: A demonic guardian rushes to your aid.
                  | [demonic ancestry]
  1226 | D:2      | Reached XP level 3. HP: 21/24 MP: 0/6
  1297 | D:2      | Learned a level 3 spell: Call Canine Familiar
  1322 | D:2      | Reached skill level 5 in Summonings
  1992 | D:3      | Reached XP level 4. HP: 30/30 MP: 2/7
  2183 | D:3      | You pick up a book of Armaments and begin reading...
  2183 | D:3      | You add the spells Stone Arrow, Animate Armour and
                  | Lehudib's Crystal Spear to your library.
  2253 | D:3      | Noticed a black bear
  2525 | D:3      | Killed a black bear
  2526 | D:3      | Reached skill level 6 in Summonings
  2526 | D:3      | Gained mutation: You have an unusually large brain. (Int
                  | +2) [demonic ancestry]
  2526 | D:3      | Reached XP level 5. HP: 35/35 MP: 5/8
  3008 | D:3      | You pick up a book of Decay and begin reading...
  3008 | D:3      | You add the spells Cigotuvi's Dreadful Rot, Dispel Undead
                  | and Death Channel to your library.
  3148 | D:3      | Found a runed translucent door.
  3149 | D:3      | Noticed Crazy Yiuf
  3293 | D:3      | Killed Crazy Yiuf
  3294 | D:3      | Reached skill level 7 in Summonings
  3387 | D:4      | Reached XP level 6. HP: 27/41 MP: 9/9
  3457 | D:4      | You pick up a book of Frost and begin reading...
  3457 | D:4      | You add the spells Freeze, Frozen Ramparts and Hailstorm to
                  | your library.
  3536 | D:4      | Learned a level 3 spell: Summon Guardian Golem
  3586 | D:4      | Found Lidweck's Magic Scroll Boutique.
  3600 | D:4      | Bought a scroll of identify for 28 gold pieces
  3600 | D:4      | Bought a scroll of identify for 28 gold pieces
  3603 | D:4      | Bought a scroll of teleportation for 42 gold pieces
  3670 | D:4      | Found a staircase to the Ecumenical Temple.
  3692 | Temple   | Entered the Ecumenical Temple
  3703 | Temple   | Became a worshipper of Ashenzari the Shackled
  3956 | D:4      | Reached skill level 1 in Hexes
  4119 | D:4      | Reached skill level 2 in Hexes
  4162 | D:4      | Reached skill level 3 in Hexes
  4767 | D:4      | Gained mutation: A meltable shield of frost defends you.
                  | (SH +4) [demonic ancestry]
  4767 | D:4      | Reached XP level 7. HP: 46/46 MP: 11/11
  4922 | D:5      | Entered Level 5 of the Dungeon
  4964 | D:5      | You pick up a book of Annihilations and begin reading...
  4964 | D:5      | You add the spells Chain Lightning, Fire Storm and Shatter
                  | to your library.
  5150 | D:5      | Noticed Grinder
  5217 | D:5      | Reached skill level 2 in Dodging
  5276 | D:5      | Reached skill level 1 in Fighting
  5407 | D:5      | Noticed Duvessa
  5407 | D:5      | Noticed Dowan
  5425 | D:5      | Killed Dowan
  5433 | D:5      | Killed Duvessa
  5434 | D:5      | Reached skill level 2 in Fighting
  5675 | D:5      | Reached skill level 3 in Dodging
  5839 | D:5      | Reached skill level 3 in Fighting
  5839 | D:5      | Gained mutation: You have a pair of small antennae on your
                  | head. [demonic ancestry]
  5839 | D:5      | Reached XP level 8. HP: 58/58 MP: 12/12
  6015 | D:5      | Reached * piety under Ashenzari
  6102 | D:5      | Noticed Eustachio
  6197 | D:5      | Killed Eustachio
  6430 | D:5      | Reached skill level 4 in Dodging
  6644 | D:6      | Noticed Blork the orc
  6743 | D:6      | Reached skill level 4 in Fighting
  6781 | D:6      | Noticed Menkaure
  6861 | D:6      | Noticed Jeremiah
  6954 | D:6      | Killed Menkaure
  6955 | D:6      | Reached skill level 5 in Fighting
  6955 | D:6      | Reached skill level 5 in Dodging
  6979 | D:6      | Killed Blork the orc
  7655 | D:6      | Reached ** piety under Ashenzari
  7798 | D:6      | Killed Jeremiah
  7799 | D:6      | Reached skill level 6 in Fighting
  7799 | D:6      | Reached skill level 6 in Dodging
  7799 | D:6      | Reached skill level 3 in Spellcasting
  7799 | D:6      | Gained mutation: A powerful demonic guardian rushes to your
                  | aid. [demonic ancestry]
  7799 | D:6      | Reached XP level 9. HP: 39/69 MP: 8/13
  8181 | D:7      | Noticed Maggie
  8266 | D:7      | Noticed Pikel
  8309 | D:7      | Killed Pikel
  8310 | D:7      | Reached skill level 4 in Spellcasting
  8314 | D:7      | Learned a level 3 spell: Stone Arrow
  8539 | D:7      | Reached skill level 1 in Conjurations
  8539 | D:7      | Reached skill level 1 in Earth Magic
  8751 | D:7      | Reached skill level 2 in Conjurations
  8757 | D:7      | Reached skill level 2 in Earth Magic
  9525 | D:8      | Identified the +0 leather armour of the Barnacle {Contam
                  | Int+3 Dex+8}
  9594 | D:8      | You pick up a book of the Senses and begin reading...
  9594 | D:8      | You add the spells Dazzling Flash, Agony and Silence to
                  | your library.
  9625 | D:8      | Reached skill level 3 in Conjurations
  9660 | D:8      | Reached skill level 3 in Earth Magic
  9792 | D:8      | Reached skill level 4 in Conjurations
  9999 | D:8      | Reached skill level 4 in Earth Magic
  9999 | D:8      | Reached XP level 10. HP: 77/79 MP: 16/19
 10009 | D:8      | Reached skill level 5 in Conjurations
 10042 | D:8      | Reached skill level 6 in Conjurations
 10623 | D:9      | Reached *** piety under Ashenzari
 10830 | D:9      | You pick up a book of Weapons and begin reading...
 10830 | D:9      | You add the spells Tukima's Dance, Dimensional Bullseye and
                  | Iskenderun's Mystic Blast to your library.
 10849 | D:9      | Found a staircase to the Lair.
 10866 | D:9      | Reached skill level 7 in Fighting
 10925 | D:9      | Reached skill level 7 in Dodging
 11284 | D:9      | Identified the +0 ring mail "Paak" {Rampage rElec Slay-6}
 11390 | D:9      | Found Qyubish's Jewellery Shop.
 11566 | D:9      | Paralysed by a hornet for 3 turns
 11713 | D:9      | You add the spells Passage of Golubria and Yara's Violent
                  | Unravelling to your library.
 12010 | D:10     | Entered Level 10 of the Dungeon
 12018 | D:10     | Reached skill level 8 in Fighting
 12072 | D:10     | Noticed Lodul
 12265 | D:10     | Reached **** piety under Ashenzari
 12370 | D:10     | Reached skill level 1 in Evocations
 12379 | D:10     | Killed Lodul
 12380 | D:10     | Reached skill level 2 in Evocations
 12380 | D:10     | Reached XP level 11. HP: 68/93 MP: 20/22
 12394 | D:10     | Reached skill level 3 in Evocations
 12681 | D:10     | Found a shimmering altar of Xom.
 12775 | D:10     | Reached skill level 8 in Dodging
 13212 | D:10     | Learned a level 4 spell: Summon Lightning Spire
 13371 | D:10     | Reached skill level 1 in Air Magic
 13554 | Lair:1   | Entered Level 1 of the Lair of Beasts
 13758 | Lair:1   | Reached skill level 2 in Air Magic
 14099 | Lair:1   | Reached skill level 3 in Air Magic
 14119 | Lair:1   | Reached skill level 4 in Air Magic
 14123 | Lair:1   | Reached skill level 5 in Spellcasting
 14154 | Lair:1   | Reached skill level 6 in Spellcasting
 14313 | Lair:1   | Found a blossoming altar of Fedhas.
 14338 | Lair:1   | Noticed an oklob plant
 14766 | Lair:1   | Reached skill level 7 in Spellcasting
 15255 | Lair:2   | Reached skill level 8 in Spellcasting
 15345 | Lair:2   | Noticed a five-headed hydra
 15360 | Lair:2   | Killed a five-headed hydra
 15491 | Lair:2   | Gained mutation: You have a pair of antennae on your head.
                  | [demonic ancestry]
 15491 | Lair:2   | Reached XP level 12. HP: 41/102 MP: 9/28
 15714 | Lair:2   | Noticed a death yak
 15719 | Lair:2   | Noticed a death yak
 15725 | Lair:2   | Noticed a death yak
 15731 | Lair:2   | Killed a death yak
 15732 | Lair:2   | Reached skill level 9 in Spellcasting
 15734 | Lair:2   | Killed a death yak
 15736 | Lair:2   | Killed a death yak
 15753 | Lair:2   | Reached skill level 10 in Spellcasting
 15776 | Lair:2   | Learned a level 4 spell: Iskenderun's Mystic Blast
 15914 | Lair:2   | Reached skill level 1 in Translocations
 15934 | Lair:2   | Reached skill level 2 in Translocations
 16042 | Lair:2   | Reached skill level 3 in Translocations
 16194 | Lair:2   | You pick up a book of the Wilderness and begin reading...
 16194 | Lair:2   | You add the spells Summon Forest, Summon Mana Viper and
                  | Summon Cactus Giant to your library.
 16207 | Lair:2   | Identified a scroll of acquirement
 16223 | Lair:2   | Learned a level 5 spell: Summon Forest
 16440 | Lair:2   | Found a staircase to the Swamp.
 16652 | D:9      | Bought the ring "Seogan" {EV+5 Dex+3} for 690 gold pieces
 16654 | D:9      | magus.rc [v1.9.6]
 16804 | Lair:3   | Reached skill level 4 in Translocations
 16805 | Lair:3   | Reached skill level 3 in Stealth
 16870 | Lair:3   | You pick up a book of Vapours and begin reading...
 16870 | Lair:3   | You add the spells Poisonous Vapours, Mephitic Cloud and
                  | Freezing Cloud to your library.
 16880 | Lair:3   | Learned a level 5 spell: Freezing Cloud
 17063 | Lair:3   | Reached skill level 1 in Ice Magic
 17180 | Lair:3   | Reached skill level 2 in Ice Magic
 17367 | Lair:3   | Reached skill level 7 in Conjurations
 17475 | Lair:3   | Reached skill level 3 in Ice Magic
 17861 | Lair:3   | Found a hole to the Spider Nest.
 18412 | Lair:4   | Reached skill level 4 in Ice Magic
 18521 | Lair:4   | Gained mutation: You have an extremely huge brain. (Int +4)
                  | [demonic ancestry]
 18521 | Lair:4   | Reached XP level 13. HP: 98/108 MP: 12/30
 18523 | Lair:4   | Reached skill level 8 in Conjurations
 18526 | Lair:4   | Reached skill level 5 in Ice Magic
 18861 | Lair:4   | Reached skill level 9 in Fighting
 19194 | Lair:4   | Found a runed translucent door.
 19200 | Lair:4   | Noticed a tentacled starspawn
 19637 | Lair:5   | Entered Level 5 of the Lair of Beasts
 19643 | Lair:5   | Reached skill level 9 in Dodging
 19876 | Lair:5   | Found a staircase to the Slime Pits.
 19953 | Lair:5   | Reached skill level 10 in Fighting
 20105 | Lair:5   | Reached skill level 10 in Dodging
 20656 | Lair:5   | Acquired 1130 gold pieces
 20667 | Lair:5   | Reached skill level 1 in Shields
 20745 | Lair:5   | Noticed a dire elephant
 20745 | Lair:5   | Noticed a dire elephant
 20745 | Lair:5   | Identified the +2 leather armour of Vyaviept {-Tele rN+
                  | Slay+6}
 20764 | Lair:5   | Noticed a dire elephant
 20796 | Lair:5   | Killed a dire elephant
 20797 | Lair:5   | Reached skill level 2 in Shields
 20942 | Lair:5   | Reached skill level 3 in Shields
 20970 | Lair:5   | Gained mutation: You have a pair of large antennae on your
                  | head. (SInv) [demonic ancestry]
 20970 | Lair:5   | Reached XP level 14. HP: 121/121 MP: 22/31
 20982 | Lair:5   | Reached skill level 4 in Shields
 21102 | Lair:5   | You pick up a book of Unlife and begin reading...
 21102 | Lair:5   | You add the spells Animate Dead and Borgnjor's Vile Clutch
                  | to your library.
 21109 | Lair:5   | Learned a level 5 spell: Borgnjor's Vile Clutch
 21205 | Lair:5   | Reached skill level 1 in Necromancy
 21312 | Lair:5   | Reached skill level 2 in Necromancy
 21347 | Lair:5   | Here: a necromancer, wielding the +10 zealot's sword {holy,
                  | Zealotry, *Rage rN+ EV+3} and wearing a +0 robe
 21394 | Lair:5   | Reached skill level 3 in Necromancy
 21556 | Lair:5   | Reached skill level 4 in Necromancy
 22106 | D:11     | Reached ***** piety under Ashenzari
 22486 | D:11     | Found Guiqureu's Armour Boutique.
 22577 | D:11     | Found a staircase to the Orcish Mines.
 22785 | D:11     | Reached skill level 5 in Shields
 22913 | Orc:1    | Entered Level 1 of the Orcish Mines
 23135 | Orc:1    | Gastronok the Ponderous comes into view. He is wearing the
                  | +3 hat of Pondering {ponderous, Will+ MP+10 Int+5}.
 23135 | Orc:1    | Noticed Gastronok
 23136 | Orc:1    | Here: Gastronok, wearing the +3 hat of Pondering
                  | {ponderous, Will+ MP+10 Int+5}
 23146 | Orc:1    | Killed Gastronok
 23147 | Orc:1    | Reached skill level 6 in Shields
 23389 | Orc:2    | Entered Level 2 of the Orcish Mines
 23852 | Orc:2    | Found a staircase to the Elven Halls.
 23994 | Orc:2    | Found Cun Zuoj's Jewellery Boutique.
 24126 | Orc:2    | Found Adiomem's General Store.
 24138 | Orc:2    | Reached skill level 7 in Shields
 24312 | Orc:2    | Found Haahu's General Store.
 24563 | Orc:2    | Bought a scroll of revelation for 90 gold pieces
 24565 | Orc:2    | Bought a scroll of teleportation for 39 gold pieces
 25435 | Orc:2    | Reached skill level 8 in Shields
 25709 | Orc:2    | Paralysed by an orc sorcerer for 5 turns
 25772 | Orc:2    | Reached skill level 9 in Shields
 26160 | Orc:2    | Reached skill level 10 in Shields
 26231 | Orc:2    | Found Cienyahy's Antique Armour Shop.
 26231 | Orc:2    | Found Vyalees's Jewellery Boutique.
 26232 | Orc:2    | Found a one-way gate leading to the halls of Pandemonium.
 26544 | D:11     | Reached XP level 15. HP: 125/129 MP: 10/33
 26576 | D:11     | Found Vychots's Assorted Antiques.
 26580 | D:11     | Bought a potion of heal wounds for 190 gold pieces
 26580 | D:11     | Bought a forked lead wand for 152 gold pieces
 26738 | D:11     | Reached skill level 11 in Shields
 27357 | D:11     | Learned a level 4 spell: Animate Dead
 27398 | D:11     | You add the spells Blink and Manifold Assault to your
                  | library.
 27402 | D:11     | You pick up a book of Geomancy and begin reading...
 27402 | D:11     | You add the spells Sandblast, Passwall and Brom's
                  | Barrelling Boulder to your library.
 27485 | D:11     | You pick up a book of Party Tricks and begin reading...
 27485 | D:11     | You add the spells Apportation, Jinxbite and Alistair's
                  | Intoxication to your library.
 27554 | D:11     | You pick up a book of Fire and begin reading...
 27689 | D:11     | Reached skill level 12 in Shields
 27766 | D:11     | Identified the +1 robe of the Rambutan {Str+2 Int+4}
 29852 | D:13     | Reached skill level 11 in Fighting
 30720 | D:14     | Found a gate to the Vaults.
 30804 | D:14     | Reached skill level 11 in Dodging
 31564 | D:14     | You pick up a book of Displacement and begin reading...
 31564 | D:14     | You add the spells Lesser Beckoning, Gell's Gravitas and
                  | Teleport Other to your library.
 32531 | D:15     | Entered Level 15 of the Dungeon
 32536 | D:15     | Reached skill level 12 in Fighting
 33085 | D:14     | You pick up a book of the Wilderness and begin reading...
 33486 | D:15     | Gained mutation: A meltable icy envelope protects you from
                  | harm. (AC +8) [demonic ancestry]
 33486 | D:15     | Reached XP level 16. HP: 139/139 MP: 20/34
 33772 | D:15     | You pick up a book of Displacement and begin reading...
 34074 | D:15     | Found a staircase to the Depths.
 34522 | Lair:1   | magus.rc [v1.9.6]
 34564 | Swamp:1  | Entered Level 1 of the Swamp
 34569 | Swamp:1  | Reached skill level 1 in Polearms
 34615 | Swamp:1  | Reached skill level 2 in Polearms
 34659 | Swamp:1  | Reached skill level 3 in Polearms
 34951 | Swamp:1  | Reached skill level 4 in Polearms
 35143 | Swamp:1  | Reached skill level 5 in Polearms
 35314 | Swamp:1  | Noticed Nikola
 35326 | Swamp:1  | Killed Nikola
 35507 | Swamp:1  | You add the spells Eringya's Noxious Bog and Summon Hydra
                  | to your library.
 35550 | Swamp:1  | Reached skill level 6 in Polearms
 36112 | Swamp:2  | magus.rc [v1.9.6]
 36205 | Swamp:2  | Reached skill level 7 in Polearms
 36612 | Swamp:2  | Reached skill level 8 in Polearms
 36998 | Swamp:2  | You pick up a book of Geomancy and begin reading...
 37675 | Swamp:3  | Reached skill level 9 in Polearms
 37935 | Swamp:3  | Reached ****** piety under Ashenzari
 38248 | Swamp:3  | Found a shimmering altar of Xom.
 38250 | Swamp:3  | Noticed Roxanne
 38550 | Swamp:2  | You pick up a book of the Senses and begin reading...
 38711 | Swamp:2  | Reached skill level 10 in Polearms
 38857 | Swamp:4  | Entered Level 4 of the Swamp
 39007 | Spider:1 | Entered Level 1 of the Spider Nest
 39461 | Spider:1 | Reached XP level 17. HP: 144/144 MP: 8/34
 39620 | Spider:1 | Reached skill level 11 in Polearms
 39695 | Spider:1 | Identified the +0 mace of Gehenna {heavy, rElec rF- Int+2
                  | Stlth+}
 39918 | Spider:1 | Identified the +0 robe of Zoopp {rElec Int+3 SInv}
 40289 | Spider:1 | Identified the +2 helmet of the Blue Moon {Rampage rElec
                  | rCorr}
 40578 | Spider:2 | Learned a level 6 spell: Death Channel
 40591 | Spider:2 | Reached skill level 5 in Necromancy
 41097 | Spider:2 | Reached skill level 6 in Necromancy
 41766 | Spider:3 | Reached skill level 7 in Necromancy
 41914 | Spider:3 | Reached skill level 11 in Spellcasting
 42584 | Spider:3 | Reached skill level 12 in Dodging
 42584 | Spider:3 | Reached skill level 4 in Evocations
 42758 | Spider:3 | Found a runed translucent gate.
 42758 | Spider:3 | Found a runed translucent gate.
 42758 | Spider:3 | Found a runed translucent gate.
 42758 | Spider:3 | Noticed Pi314's ghost (adept HOMo)
 42759 | Spider:3 | Noticed Gonzollydolly's ghost (adept AtIE)
 43101 | Spider:4 | Entered Level 4 of the Spider Nest
 43466 | Spider:4 | Reached skill level 5 in Evocations
 43473 | Spider:4 | Reached skill level 13 in Fighting
 43719 | Spider:4 | Reached XP level 18. HP: 153/153 MP: 15/36
 43730 | Spider:4 | Got a gossamer rune of Zot
 44086 | Spider:4 | Reached skill level 6 in Evocations
 44088 | Spider:4 | Noticed Arachne
 44097 | Spider:4 | Killed Arachne
 44338 | Spider:4 | Reached skill level 13 in Dodging
 44887 | Swamp:4  | Reached skill level 14 in Fighting
 45125 | Swamp:4  | Gained mutation: You are robust. (+10% HP) [a neqoxec]
 45571 | Swamp:4  | Paralysed by a fenstrider witch for 2 turns
 45835 | Swamp:4  | Reached skill level 14 in Dodging
 46027 | Swamp:4  | Got a decaying rune of Zot
 46126 | Swamp:4  | Reached skill level 15 in Fighting
 46758 | Lair:2   | Learned a level 5 spell: Summon Mana Viper
 46959 | WizLab   | Identified the "Jiliel"
 46959 | Vaults:1 | Entered Level 1 of the Vaults
 46962 | Vaults:1 | Noticed Norris
 46997 | Vaults:1 | Killed Norris
 47053 | Vaults:1 | You pick up a book of Weapons and begin reading...
 47077 | Vaults:1 | Found a magical portal.
 47087 | WizLab   | Entered The Chambers of the Cloud Mage
 47304 | WizLab   | Paralysed by an air elemental for 1 turns
 47308 | WizLab   | Paralysed by an air elemental for 1 turns
 47500 | WizLab   | Mutation became permanent: You are robust. (+10% HP)
                  | [demonic ancestry]
 47500 | WizLab   | Gained mutation: You are robust. (+10% HP) [demonic
                  | ancestry]
 47500 | WizLab   | Reached XP level 19. HP: 156/181 MP: 20/37
 47577 | WizLab   | You pick up a book of Vapours and begin reading...
 47864 | WizLab   | Paralysed by an air elemental for 1 turns
 48155 | WizLab   | Fiptoal the Cloud Mage comes into view. He is wielding a +2
                  | quick blade of electrocution and wearing the +3 robe of
                  | Clouds {*Thunder rCloud rElec}.
 48155 | WizLab   | Noticed Fiptoal
 48156 | WizLab   | Here: Fiptoal the Cloud Mage, wielding a +2 quick blade of
                  | electrocution and wearing the +3 robe of Clouds {*Thunder
                  | rCloud rElec}
 48156 | WizLab   | Here: Fiptoal the Cloud Mage, wielding a +2 quick blade of
                  | electrocution and wearing the +3 robe of Clouds {*Thunder
                  | rCloud rElec}
 48156 | WizLab   | Aim: Fiptoal the Cloud Mage, wielding a +2 quick blade of
                  | electrocution and wearing the +3 robe of Clouds {*Thunder
                  | rCloud rElec}
 48164 | WizLab   | Aim: Fiptoal the Cloud Mage, wielding a +2 quick blade of
                  | electrocution and wearing the +3 robe of Clouds {*Thunder
                  | rCloud rElec} (whirling frost, lightly wounded, surrounded
                  | by restless winds, ally target, 67% to hit)
 48164 | WizLab   | Aim: Fiptoal the Cloud Mage, wielding a +2 quick blade of
                  | electrocution and wearing the +3 robe of Clouds {*Thunder
                  | rCloud rElec} (whirling frost, lightly wounded, surrounded
                  | by restless winds, ally target, 67% to hit)
 48165 | WizLab   | Aim: Fiptoal the Cloud Mage, wielding a +2 quick blade of
                  | electrocution and wearing the +3 robe of Clouds {*Thunder
                  | rCloud rElec} (lightly wounded, surrounded by restless
                  | winds, waterlogged, 100% to hit)
 48165 | WizLab   | Aim: Fiptoal the Cloud Mage, wielding a +2 quick blade of
                  | electrocution and wearing the +3 robe of Clouds {*Thunder
                  | rCloud rElec} (lightly wounded, surrounded by restless
                  | winds, waterlogged, 100% to hit)
 48166 | WizLab   | Aim: Fiptoal the Cloud Mage, wielding a +2 quick blade of
                  | electrocution and wearing the +3 robe of Clouds {*Thunder
                  | rCloud rElec} (lightly wounded, surrounded by restless
                  | winds, constricted by zombie hands, waterlogged)
 48166 | WizLab   | Aim: Fiptoal the Cloud Mage, wielding a +2 quick blade of
                  | electrocution and wearing the +3 robe of Clouds {*Thunder
                  | rCloud rElec} (lightly wounded, surrounded by restless
                  | winds, constricted by zombie hands, waterlogged)
 48168 | WizLab   | Aim: Fiptoal the Cloud Mage, wielding a +2 quick blade of
                  | electrocution and wearing the +3 robe of Clouds {*Thunder
                  | rCloud rElec} (freezing vapour, lightly wounded, surrounded
                  | by restless winds, waterlogged, ally target, 100% to hit)
 48168 | WizLab   | Aim: Fiptoal the Cloud Mage, wielding a +2 quick blade of
                  | electrocution and wearing the +3 robe of Clouds {*Thunder
                  | rCloud rElec} (freezing vapour, lightly wounded, surrounded
                  | by restless winds, waterlogged, ally target, 100% to hit)
 48169 | WizLab   | Aim: Fiptoal the Cloud Mage, wielding a +2 quick blade of
                  | electrocution and wearing the +3 robe of Clouds {*Thunder
                  | rCloud rElec} (freezing vapour, lightly wounded, surrounded
                  | by restless winds, constricted by zombie hands,
                  | waterlogged, ally target, chance to affect: 10%)
 48170 | WizLab   | Aim: Fiptoal the Cloud Mage, wielding a +2 quick blade of
                  | electrocution and wearing the +3 robe of Clouds {*Thunder
                  | rCloud rElec} (freezing vapour, heavily wounded, surrounded
                  | by restless winds, weak-willed, constricted by zombie
                  | hands, waterlogged, ally target, chance to affect: 46%)
 48171 | WizLab   | Killed Fiptoal the Cloud Mage
 48220 | WizLab   | You add the spells Static Discharge, Swiftness and
                  | Airstrike to your library.
 48227 | WizLab   | You pick up a book of the Senses and begin reading...
 48229 | WizLab   | You pick up a book of Fire and begin reading...
 48414 | Vaults:1 | Reached skill level 8 in Necromancy
 48543 | Vaults:1 | Reached skill level 6 in Ice Magic
 48711 | Vaults:1 | Reached skill level 5 in Air Magic
 48938 | Vaults:1 | Reached skill level 9 in Necromancy
 49310 | Vaults:1 | Found Bugev's Armour Shop.
 49322 | Vaults:1 | Reached skill level 7 in Ice Magic
 49345 | Vaults:1 | Reached skill level 6 in Air Magic
 49555 | Vaults:1 | Identified the +1 plate armour of Calculation {Rampage
                  | *Corrode Regen+ Int+3 Dex-2}
 49839 | D:9      | Bought a ring of willpower for 350 gold pieces
 50170 | Vaults:2 | Noticed Mennas
 50192 | Vaults:2 | Killed Mennas
 50193 | Vaults:2 | Reached skill level 15 in Dodging
 50270 | Vaults:1 | magus.rc [v1.9.6]
 50349 | Vaults:2 | Reached skill level 16 in Fighting
 50532 | Vaults:2 | Noticed Jory
 50551 | Vaults:2 | Killed Jory
 51291 | Vaults:2 | Reached XP level 20. HP: 151/193 MP: 38/38
 52153 | Desolati | Identified the "Dumul"
 52153 | Vaults:5 | Identified the "Rengoang"
 52153 | Crypt:1  | Identified the "Koxt"
 52153 | Crypt:3  | Identified the of Cual
 52153 | Elf:1    | Entered Level 1 of the Elven Halls
 52177 | Elf:1    | Reached skill level 17 in Fighting
 52445 | Elf:1    | Reached skill level 16 in Dodging
 52549 | Elf:1    | Found Hycihoc's Assorted Antiques.
 52549 | Elf:1    | Found Utir Jore's Distillery.
 52561 | Elf:1    | Found Pokluekhy's Antique Armour Emporium.
 52568 | Elf:1    | Found Cozaudd's Distillery.
 52598 | Elf:1    | Bought a potion of heal wounds for 80 gold pieces
 52598 | Elf:1    | Bought a potion of cancellation for 128 gold pieces
 52598 | Elf:1    | Bought a potion of magic for 128 gold pieces
 52598 | Elf:1    | Bought 2 potions of resistance for 320 gold pieces
 52635 | Elf:1    | Bought a potion of heal wounds for 75 gold pieces
 52635 | Elf:1    | Bought a potion of brilliance for 60 gold pieces
 52641 | Elf:1    | Bought a jewelled ring mail for 261 gold pieces
 52641 | Elf:1    | Identified the +1 ring mail "Naxzacru" {+Blink rN++ Str+2}
                  | (You bought it in a shop on level 1 of the Elven Halls)
 52642 | Elf:1    | Bought shimmering acid dragon scales for 1305 gold pieces
 52642 | Elf:1    | Identified the +0 acid dragon scales of the Disturbing
                  | Coins {rElec rCorr Int+3} (You bought it in a shop on level
                  | 1 of the Elven Halls)
 53987 | Elf:2    | Found Hunax's Magic Scroll Shop.
 54000 | Elf:2    | Bought a scroll of blinking for 105 gold pieces
 54372 | Elf:2    | Found a runed translucent gate.
 54390 | Elf:2    | Found a runed translucent gate.
 54390 | Elf:2    | Found a runed translucent gate.
 54581 | Elf:3    | Entered Level 3 of the Elven Halls
 54585 | Elf:3    | Noticed Bai Suzhen
 54598 | Elf:3    | Killed Bai Suzhen
 54698 | Elf:3    | Reached skill level 18 in Fighting
 55158 | Elf:3    | Reached skill level 17 in Dodging
 55625 | Elf:3    | Paralysed by an air elemental for 1 turns
 55894 | Elf:3    | Identified the +1 whip "Foseaf" {chaos, Drain SInv Stlth+}
 55906 | Elf:3    | Gained mutation: You are very robust. (+20% HP) [demonic
                  | ancestry]
 55906 | Elf:3    | Reached XP level 21. HP: 199/225 MP: 30/39
 55916 | Elf:3    | You pick up a book of Winter and begin reading...
 55916 | Elf:3    | You add the spells Ozocubu's Armour, Metabolic Englaciation
                  | and Simulacrum to your library.
 55999 | Elf:3    | You pick up a book of Vapours and begin reading...
 56094 | Elf:3    | Found the +3 pair of gauntlets of War {Slay+5}
 56097 | Elf:3    | Identified the +2 shortbow of Termination {antimagic, rElec
                  | rCorr Int+3}
 56521 | Vaults:3 | Found a crumbling gateway.
 56597 | Desolati | Entered the Desolation of Salt
 56708 | Desolati | Identified the ring of Saabeakk {rPois Dex+6 SInv}
 56708 | Desolati | Found the +3 pair of mountain boots {steadfast, rC+}
 56709 | Desolati | Identified the ring of Vuos {Ice Drain rN+ Will+ Dex+2}
 56860 | Desolati | Reached skill level 19 in Fighting
 57251 | Desolati | Identified the ring of Jeorphirut {rF+ EV+5 Str+6 Stlth+}
 57294 | Desolati | Identified the amulet "Ymive Tiax" {Spirit Str+3}
 57299 | Desolati | Reached skill level 18 in Dodging
 57608 | Desolati | Identified the amulet of Bipnah {Reflect Int+4 SH+5}
 58687 | Vaults:3 | Reached skill level 20 in Fighting
 58696 | Vaults:3 | Acquired the +3 kite shield of Forking Paths {*Corrode
                  | Str+2 Int+2}
 59242 | Vaults:3 | Reached skill level 19 in Dodging
 59465 | Vaults:3 | Found a staircase to the Crypt.
 59465 | Vaults:3 | Found an ancient bone altar of Kikubaaqudgha.
 59466 | Vaults:3 | Found a basalt altar of Yredelemnul.
 59505 | Vaults:3 | magus.rc [v1.9.6]
 59637 | Vaults:4 | Identified the +3 buckler "Dosuetigox" {Rampage rCorr Str-4
                  | Slay+3}
 59642 | Vaults:4 | Found the +3 Elemental Staff {ele, rElec rF+ rC+ AC+3}
 59788 | Vaults:4 | You pick up a book of the Moon and begin reading...
 59862 | Vaults:4 | Reached skill level 12 in Spellcasting
 59865 | Vaults:4 | Gained mutation: You have an absolutely massive brain. (Int
                  | +6, Wiz) [demonic ancestry]
 59865 | Vaults:4 | Reached XP level 22. HP: 236/236 MP: 26/40
 60358 | Vaults:4 | Reached skill level 13 in Spellcasting
 60779 | Vaults:4 | Found a runed translucent gate.
 60779 | Vaults:4 | Found a runed translucent gate.
 60782 | Vaults:4 | Found a runed translucent gate.
 60785 | Vaults:4 | Noticed Heidiaz's ghost (adept MfBe)
 61004 | Vaults:4 | Killed Heidiaz's ghost
 61105 | Vaults:4 | Learned a level 5 spell: Yara's Violent Unravelling
 61105 | Vaults:4 | magus.rc [v1.9.6]
 61288 | Depths:1 | Entered Level 1 of the Depths
 61294 | Depths:1 | Found a radiant altar of Vehumet.
 61357 | Depths:1 | Reached skill level 14 in Spellcasting
 61483 | Depths:1 | Noticed a caustic shrike
 61490 | Depths:1 | Noticed a caustic shrike
 61491 | Depths:1 | Killed a caustic shrike
 61491 | Depths:1 | Noticed a caustic shrike
 61492 | Depths:1 | Noticed a caustic shrike
 61501 | Depths:1 | Killed a caustic shrike
 61508 | Depths:1 | Killed a caustic shrike
 61720 | Depths:1 | Found a one-way gateway to a ziggurat.
 61890 | Depths:1 | Identified the +11 long sword of Crystal {pain, rElec Int+3
                  | Dex+2}
 61890 | Depths:1 | the Enchantress comes into view. She is wielding the +11
                  | long sword of Crystal {pain, rElec Int+3 Dex+2} and wearing
                  | the +1 faerie dragon scales {+Inv rCorr Str-2 Int+4}.
 61890 | Depths:1 | Noticed the Enchantress
 61891 | Depths:1 | Aim: the Enchantress, wielding the +11 long sword of
                  | Crystal {pain, rElec Int+3 Dex+2} and wearing the +1 faerie
                  | dragon scales {+Inv rCorr Str-2 Int+4} (freezing vapour,
                  | wandering, repelling missiles, hasn't noticed you, 100% to
                  | hit)
 61894 | Depths:1 | Aim: the Enchantress, wielding the +11 long sword of
                  | Crystal {pain, rElec Int+3 Dex+2} and wearing the +1 faerie
                  | dragon scales {+Inv rCorr Str-2 Int+4} (freezing vapour,
                  | almost dead, repelling missiles, constricted by zombie
                  | hands, 100% to hit)
 61894 | Depths:1 | Killed the Enchantress
 61895 | Depths:1 | Reached skill level 15 in Spellcasting
 61902 | Depths:1 | Killed a caustic shrike
 61920 | Depths:1 | Found a shimmering altar of Xom.
 62031 | Depths:1 | Found a shimmering altar of Xom.
 62063 | Depths:1 | magus.rc [v1.9.6]
 62070 | Depths:1 | Found a shimmering altar of Xom.
 62081 | Depths:1 | Found a shimmering altar of Xom.
 62124 | Depths:1 | Identified the +4 demon whip of Turmoil {freeze, Contam
                  | rPois rC+++ rCorr Str+4}
 62146 | Depths:1 | Found Ytruez's Book Shop.
 62147 | Depths:1 | Found Lomeh's Jewellery Shoppe.
 62148 | Depths:1 | Found Manina's Book Shop.
 62621 | Depths:1 | Reached skill level 16 in Spellcasting
 62652 | Depths:1 | Found a gateway to Hell.
 62652 | Depths:1 | Identified the +2 demon whip of Change {venom, rN+ Int+2}
 63615 | Depths:2 | Reached XP level 23. HP: 238/255 MP: 39/48
 63624 | Depths:2 | Reached skill level 17 in Spellcasting
 63827 | Depths:2 | Reached skill level 7 in Evocations
 64019 | Depths:2 | Reached skill level 8 in Evocations
 64062 | Depths:2 | Reached skill level 9 in Evocations
 64504 | Depths:2 | Identified the +2 leather armour of Ignis's Approval {rPois
                  | rF++}
 64527 | Depths:2 | You pick up a book of the Warp and begin reading...
 64527 | Depths:2 | You add the spells Dispersal and Disjunction to your
                  | library.
 64998 | Depths:3 | Reached skill level 10 in Evocations
 65298 | Depths:4 | Entered Level 4 of the Depths
 65682 | Depths:4 | Noticed a caustic shrike
 65682 | Depths:4 | Noticed a caustic shrike
 65682 | Depths:4 | Noticed a caustic shrike
 65696 | Depths:4 | Killed a caustic shrike
 65697 | Depths:4 | Reached skill level 11 in Evocations
 65703 | Depths:4 | Killed a caustic shrike
 65705 | Depths:4 | Killed a caustic shrike
 65892 | Depths:4 | Reached skill level 12 in Evocations
 65965 | Depths:4 | Reached skill level 13 in Evocations
 66124 | Depths:4 | You pick up a book of Geomancy and begin reading...
 66165 | Depths:4 | Noticed Xtahua
 66175 | Depths:4 | Killed Xtahua
 66204 | Depths:4 | Found an iron altar of Okawaru.
 66320 | Depths:4 | Found a gate to the Realm of Zot.
 66664 | Depths:4 | Reached skill level 14 in Evocations
 66793 | Depths:4 | Your ally Xtahua died
 66989 | Depths:4 | Reached skill level 1 in Staves
 66991 | Depths:4 | Reached skill level 2 in Staves
 66996 | Depths:4 | Reached skill level 3 in Staves
 67002 | Depths:4 | Reached skill level 4 in Staves
 67580 | Depths:4 | Learned a level 4 spell: Dispel Undead
 67595 | Depths:3 | Reached skill level 5 in Staves
 67952 | Vaults:5 | Entered Level 5 of the Vaults
 68021 | Vaults:5 | Reached skill level 6 in Staves
 68031 | Vaults:5 | Gained mutation: You are extremely robust. (+30% HP)
                  | [demonic ancestry]
 68031 | Vaults:5 | Reached XP level 24. HP: 252/286 MP: 27/48
 68036 | Vaults:5 | Reached skill level 7 in Staves
 68061 | Vaults:5 | Reached skill level 8 in Staves
 68115 | Vaults:5 | Reached skill level 9 in Staves
 68127 | Vaults:5 | Identified +0 gold dragon scales
 68129 | Vaults:5 | +0 gold dragon scales {rare}; a golden dragon corpse
 68137 | Vaults:5 | Reached skill level 10 in Staves
 68217 | Vaults:5 | Noticed a dread lich
 68232 | Vaults:5 | Reached skill level 11 in Staves
 68232 | Vaults:5 | Killed a dread lich
 68441 | Vaults:5 | Reached skill level 15 in Evocations
 68532 | Vaults:5 | Identified the +4 flail of the Valley {flame, rC+ rCorr
                  | Int+8 Dex-2}
 68774 | Vaults:5 | Identified a potion of experience
 68790 | Vaults:5 | You pick up a book of Debilitation and begin reading...
 68790 | Vaults:5 | You add the spells Slow, Sigil of Binding, Vampiric
                  | Draining and Confusing Touch to your library.
 68796 | Vaults:5 | Reached skill level 16 in Evocations
 68796 | Vaults:5 | Gained mutation: A meltable icy envelope protects you from
                  | harm. (AC +8) [demonic ancestry]
 68796 | Vaults:5 | Reached XP level 25. HP: 289/289 MP: 49/49
 68808 | Vaults:5 | You pick up a book of Beasts and begin reading...
 68808 | Vaults:5 | You add the spells Summon Ice Beast and Monstrous Menagerie
                  | to your library.
 68979 | Vaults:5 | Identified the +7 hand axe "Yzaunein" {heavy, rElec}
 69124 | Vaults:5 | Got a silver rune of Zot
 69178 | Vaults:5 | Reached skill level 17 in Evocations
 70384 | Vaults:5 | Identified the ring "Losumido" {Will+ Int+3 Dex-3 Slay+3
                  | Stlth+}
 70544 | Vaults:5 | Identified the +2 dagger "Teinta" {freeze, *Noise rF+ Int+3
                  | Dex+3}
 70564 | Vaults:5 | Learned a level 8 spell: Lehudib's Crystal Spear
 71000 | Slime:1  | Entered Level 1 of the Pits of Slime
 71051 | Slime:2  | Reached skill level 5 in Earth Magic
 71240 | Slime:5  | Identified the "Jaoshri"
 71240 | Slime:5  | Entered Level 5 of the Pits of Slime
 71312 | Slime:5  | Reached skill level 9 in Conjurations
 71340 | Slime:5  | Reached skill level 6 in Earth Magic
 71374 | Slime:5  | Gained mutation: You have large cloven feet. [a shining
                  | eye]
 71383 | Slime:5  | Reached skill level 10 in Conjurations
 71565 | Slime:5  | Reached XP level 26. HP: 300/308 MP: 40/49
 71834 | Slime:5  | Noticed the Royal Jelly
 71843 | Slime:5  | Killed the Royal Jelly
 71844 | Slime:5  | Reached skill level 11 in Conjurations
 71868 | Slime:5  | Identified the maw talisman of Joy {rF+}
 71870 | Slime:5  | Identified the granite talisman of Qafon {Dex+3}
 71870 | Slime:5  | Found the +9 sword of Zonguldrok {reap}
 71872 | Slime:5  | Identified the maw talisman "Metykah" {*Slow +Blink Str+4}
 71979 | Slime:5  | You add the spells Kiss of Death and Sting to your library.
 71983 | Slime:5  | You pick up a book of Burglary and begin reading...
 71994 | Slime:5  | Got a slimy rune of Zot
 72545 | Zot:1    | Entered Level 1 of the Realm of Zot
 72553 | Zot:1    | Learned a level 6 spell: Dispersal
 72559 | Zot:1    | Learned a level 2 spell: Wereblood
 72567 | Zot:1    | Learned a level 7 spell: Ozocubu's Refrigeration
 72760 | Zot:1    | Noticed an electric golem
 72775 | Zot:1    | Killed an electric golem
 72784 | Zot:1    | Reached skill level 7 in Earth Magic
 72800 | Zot:1    | Reached skill level 12 in Conjurations
 73670 | Zot:2    | Identified the +1 lajatang of the Chewing Gods {pain,
                  | rPois}
 73754 | Zot:2    | Reached skill level 8 in Earth Magic
 74017 | Zot:2    | Reached skill level 13 in Conjurations
 74056 | Zot:2    | Reached skill level 9 in Earth Magic
 74369 | Zot:2    | You pick up a book of Callings and begin reading...
 74976 | Zot:3    | magus.rc [v1.9.6]
 74984 | Zot:4    | Learned a level 1 spell: Apportation
 75094 | Zot:5    | Entered Level 5 of the Realm of Zot
 75177 | Zot:5    | Reached skill level 10 in Earth Magic
 75322 | Zot:5    | +0 shadow dragon scales {rare}; a shadow dragon corpse
 75331 | Zot:5    | Reached skill level 14 in Conjurations
 75698 | Zot:5    | Noticed a curse toe
 75715 | Zot:5    | Killed a curse toe
 76226 | Zot:5    | magus.rc [v1.9.6]
 76315 | Zot:5    | Noticed an orb of fire
 76325 | Zot:5    | Killed an orb of fire
 76424 | Zot:5    | Noticed an ancient lich
 76431 | Zot:5    | Killed an ancient lich
 76572 | Zot:5    | Noticed an orb of fire
 76581 | Zot:5    | Killed an orb of fire
 76582 | Zot:5    | Reached XP level 27. HP: 279/318 MP: 10/49
 76756 | Zot:5    | Reached skill level 21 in Fighting
 76759 | Zot:5    | Noticed an electric golem
 76768 | Zot:5    | Killed an electric golem
 76787 | Zot:5    | Noticed an orb of fire
 76791 | Zot:5    | Noticed an ancient lich
 76797 | Zot:5    | Killed an ancient lich
 76798 | Zot:5    | Reached skill level 20 in Dodging
 76961 | Zot:5    | Noticed an electric golem
 76976 | Zot:5    | Noticed an orb of fire
 76982 | Zot:5    | Gained mutation: You expend magic power (3 MP) to
                  | strengthen your wands. [an orb of fire]
 76986 | Zot:5    | Gained mutation: You are weak. (Str -2) [an orb of fire]
 76987 | Zot:5    | Killed an orb of fire
 77325 | Zot:5    | magus.rc [v1.9.6]
 77337 | Zot:5    | Noticed an orb of fire
 77337 | Zot:5    | Identified the +5 whip of Watchfulness {antimagic, rC- rN+
                  | Str+5}
 77339 | Zot:5    | Gained mutation: Your body sometimes deteriorates upon
                  | taking damage. [an orb of fire]
 77340 | Zot:5    | Gained mutation: Armour fits poorly on your strangely
                  | shaped body. [an orb of fire]
 77341 | Zot:5    | Noticed a curse toe
 77347 | Zot:5    | Got the Orb of Zot
 77754 | D:5      | Noticed Mosocly the pandemonium lord
 77832 | D:1      | Noticed Kasa the pandemonium lord
 77833 | D:1      | Noticed Jeeha the pandemonium lord
 77842 | D:$      | Escaped with the Orb!

Vanquished Creatures
  the Royal Jelly (Slime:5)
  A dread lich (Vaults:5)
  3 orbs of fire (Zot:5)
  2 ancient liches (Zot:5)
  Mennas (Vaults:2)
  4 Killer Klowns
  Xtahua (Depths:4)
  A curse toe (Zot:5)
  6 caustic shrikes
  4 golden dragons
  Nikola (Swamp:1)
  A bone dragon (Zot:2)
  Jory (Vaults:2)
  the Enchantress (Depths:1)
  An electric golem (Zot:5)
  8 tentacled monstrosities
  A walking earthen tome (Depths:2)
  11 Orb Guardians (Zot:5)
  The ghost of Heidiaz the Merfolkian Porcupine, an adept MfBe of Trog (Vaults:4)
  3 liches
  A deep elf master archer (Elf:3)
  4 quicksilver dragons
  A walking divine tome (Depths:4)
  4 titans
  A deep elf blademaster (Elf:3)
  3 death cobs
  4 sphinxes
  11 acid blobs (Slime:5)
  4 shadow dragons
  A draconian monk (Zot:1)
  8 tengu reavers
  3 rockslimes (Slime:5)
  11 storm dragons
  3 draconian knights
  3 azure jellies
  9 frost giants
  5 fenstrider witches
  6 fire giants
  8 deep elf sorcerers
  3 emperor scorpions
  4 deep elf elementalists (Elf:3)
  A spectral juggernaut (Depths:3)
  12 vault wardens
  4 ghost moths
  4 orc warlords
  3 draconian shifters
  A balrug (Depths:1)
  2 draconian scorchers (Zot:5)
  4 spectral caustic shrikes (Depths:3)
  A cacodemon (Depths:2)
  7 spriggan defenders
  3 reapers
  18 ironbound preservers
  3 ironbound thunderhulks
  8 quicksilver oozes
  7 formless jellyfish
  16 very ugly things
  8 stone giants
  3 draconian annihilators
  4 war gargoyles
  9 deep elf demonologists
  A vampire knight (Depths:4)
  2 eleionomae (Swamp:4)
  12 dire elephants
  A halazid warlock (Desolation)
  8 green draconians
  7 black draconians
  5 bunyips
  3 yellow draconians
  7 deep elf annihilators
  10 purple draconians
  5 red draconians
  4 white draconians
  2 spectral titans (Depths:3)
  8 spark wasps
  An acid blob zombie (Slime:5)
  5 ettins
  10 fire dragons
  A very ugly thing zombie (Vaults:5)
  2 blizzard demons
  A green death (D:5)
  4 crystal guardians
  2 deep elf death magi (Elf:3)
  2 shambling mangroves (Swamp:4)
  3 spectral golden dragons (Depths:3)
  5 deep elf high priests
  10 ice dragons
  2 entropy weavers
  5 great orbs of eyes
  A jorogumo (Spider:4)
  7 servants of whispers (Desolation)
  A spectral spriggan (Depths:3)
  A spectral tengu (Depths:3)
  6 ragged hierophants (Desolation)
  11 hydras
  2 spectral shadow dragons (Depths:3)
  3 spectral sphinxes (Depths:3)
  10 peacekeepers
  2 rakshasas
  25 vault guards
  A caustic shrike simulacrum (Depths:3)
  10 yaktaur captains
  2 ghost crabs
  3 ogre magi
  A demonspawn (Orc:2)
  A boulder beetle (D:13)
  14 alligators
  A catoblepas (D:15)
  20 centaur warriors
  7 ironbound frosthearts
  8 spriggan air magi
  A radroach (Spider:2)
  A spectral fire giant (Vaults:4)
  A spectral stone giant (Vaults:4)
  7 two-headed ogres
  4 deep troll shamans
  5 deep troll earth magi
  A hell hog (Depths:1)
  9 tengu warriors
  6 demonic crawlers
  16 hell knights
  17 dancing weapons
  6 orc high priests
  An occultist (Swamp:4)
  A storm dragon zombie (Zot:5)
  6 spriggan berserkers
  3 soul eaters
  2 skysharks (Vaults:1)
  10 deep elf knights
  2 sun demons
  3 iron trolls
  A shadow wraith (D:11)
  2 death drakes (WizLab)
  3 sixfirhies
  A pharaoh ant (Spider:2)
  4 sun moths
  A skeletal warrior (D:13)
  3 swamp dragons
  5 orb spiders
  50 deep trolls
  7 glowing orange brains
  2 bog bodies (Swamp:1)
  10 deep elf archers
  2 flayed ghosts
  A spriggan rider (Swamp:4)
  4 spriggan druids
  An ogre zombie (Vaults:4)
  20 ironbound convokers
  A shadow demon (Depths:2)
  5 phantasmal warriors
  23 deep elf zephyrmancers
  5 necromancers
  8 lindwurms
  2 ugly thing zombies (Vaults:1)
  2 steelbarb worms
  13 arcanists
  22 deep elf pyromancers
  11 orc knights
  5 orc sorcerers (Orc:2)
  23 wolf spiders
  4 cyclopes
  A frost giant zombie (Vaults:2)
  31 ugly things
  A faun (shapeshifter) (Vaults:5)
  3 will-o-the-wisps (Swamp:4)
  4 manticores
  2 spectral elves (Vaults:4)
  A black mamba (Lair:4)
  2 guardian serpents (Desolation)
  2 apocalypse crabs (WizLab)
  A guardian serpent (shapeshifter) (D:15)
  16 moths of wrath
  A salamander (Depths:4)
  7 molten gargoyles (Desolation)
  6 elephants
  An orange demon (Depths:2)
  4 torpor snails
  3 smoke demons
  4 cane toads
  A cane toad (shapeshifter) (D:15)
  14 vault sentinels
  3 gargoyles
  An orb spider zombie (Spider:4)
  2 hellions
  A kobold demonologist (D:11)
  An ice devil (D:1)
  2 freezing wraiths
  2 redback zombies (Spider:4)
  An unseen horror (D:11)
  A golden dragon simulacrum (Depths:3)
  4 komodo dragons
  A swamp worm zombie (Swamp:4)
  A yaktaur skeleton (Vaults:2)
  A meliai (Spider:3)
  A great orb of eyes zombie (Slime:5)
  18 yaktaurs
  2 tengu conjurers
  4 trolls
  A hellwing (Swamp:4)
  3 glass eyes
  A shadow dragon simulacrum (Depths:3)
  3 tyrant leeches
  35 saltlings (Desolation)
  15 hornets
  4 blink frogs (Lair:5)
  2 wind drakes (WizLab)
  19 tarantellas
  An ice dragon zombie (Depths:4)
  6 dream sheep (Lair:5)
  A jumping spider zombie (Spider:4)
  A vampire (D:11)
  6 culicivoras
  32 slime creatures
  16 spriggans
  2 water elementals
  9 air elementals
  12 jumping spiders
  3 wyverns (Lair:5)
  2 wraiths
  4 slime creature zombies (Slime:5)
  2 fire elementals
  13 yaks
  A chaos spawn (Swamp:4)
  A golden eye (shapeshifter) (Vaults:5)
  A human (Lair:4)
  3 steam dragons
  17 vampire mosquitoes
  32 redbacks
  3 basilisks
  11 swamp worms
  A deep troll zombie (Vaults:4)
  8 human zombies
  4 acid dragons
  2 wargs (Orc:2)
  5 water moccasins
  2 swamp drakes (Swamp:4)
  A sky beast (D:7)
  21 orc warriors
  9 elf zombies
  5 boggarts (D:14)
  A tengu (shapeshifter) (Elf:2)
  5 ogres
  24 centaurs
  A phantom (D:5)
  A kobold brigand (D:9)
  2 yaktaur zombies
  A gnoll sergeant (D:11)
  2 glowing shapeshifter simulacra
  5 bullfrogs
  3 earth elementals
  A scorpion (D:7)
  5 spriggan zombies
  A killer bee (D:11)
  2 howler monkeys (D:9)
  An electric eel (Lair:2)
  24 orc priests
  A jelly (D:5)
  An iguana (D:6)
  11 orc wizards
  2 gnolls (D:11)
  2 adders (D:5)
  A shadow imp (D:7)
  A dart slug (D:1)
  55 orcs
  3 endoplasms
  A giant cockroach (D:1)
  A goblin (D:3)
  A hobgoblin (D:4)
  2 jackals (D:1)
  3 kobolds
  A quokka (D:1)
  2 bats (D:1)
  5 frilled lizards
  An orc zombie (Elf:2)
  3 rats
  A butterfly (D:4)
  10 snaplasher vines
1534 creatures vanquished.

Vanquished Creatures (collateral kills)
  Bai Suzhen (Elf:3)
  A caustic shrike (Depths:4)
  Norris (Vaults:1)
  4 golden dragons
  A bone dragon (Zot:2)
  Arachne (Spider:4)
  A Tzitzimitl (Depths:3)
  An electric golem (Zot:1)
  A tentacled monstrosity (Vaults:5)
  A Cloud Mage (WizLab)
  2 titans
  An Orb Guardian (Zot:5)
  A deep elf blademaster (Elf:3)
  7 acid blobs (Slime:5)
  Gastronok (Orc:1)
  2 azure jellies
  2 shadow dragons
  A storm dragon (Vaults:5)
  A fire giant (Depths:1)
  4 vault wardens
  3 rockslimes (Slime:5)
  2 frost giants
  A draconian scorcher (Depths:4)
  An emperor scorpion (Spider:4)
  A deep elf elementalist (Elf:1)
  3 ghost moths (Spider:4)
  2 imperial myrmidons (Desolation)
  A ghoul (Swamp:4)
  3 stone giants
  A draconian shifter (Zot:1)
  3 very ugly things
  7 ironbound preservers
  2 spriggan defenders
  A broodmother (Lair:3)
  3 quicksilver oozes (Slime:5)
  3 ironbound thunderhulks (Vaults:4)
  A formless jellyfish (Slime:3)
  A deep elf demonologist (Elf:3)
  3 white draconians
  A green draconian (Zot:1)
  3 eleionomae
  A bunyip (Swamp:4)
  2 deep elf annihilators (Elf:3)
  2 red draconians
  6 dire elephants
  5 spark wasps
  A purple draconian (Zot:2)
  A crystal guardian (Vaults:2)
  3 yaktaur captains
  4 ettins
  2 fire dragons
  3 entropy weavers
  6 ice dragons
  3 great orbs of eyes (Slime:5)
  A demonspawn (Orc:2)
  6 hydras
  3 servants of whispers (Desolation)
  4 peacekeepers
  2 radroaches (Spider:4)
  A catoblepas (D:11)
  6 vault guards (Vaults:5)
  An ogre mage (Swamp:4)
  3 jorogumos
  4 centaur warriors
  A spriggan air mage (WizLab)
  2 boulder beetles
  4 ironbound frosthearts
  3 alligators
  A deep troll shaman (Depths:4)
  2 tengu warriors
  A two-headed ogre (D:11)
  A death scarab (Spider:4)
  A spectral fire giant (Vaults:4)
  2 death yaks (Lair:2)
  An orc high priest (Elf:2)
  5 demonic crawlers
  2 soul eaters
  3 spriggan berserkers
  A shock serpent (WizLab)
  A hell knight (Depths:2)
  A spectral death yak (Lair:5)
  3 sun demons (Depths:1)
  2 sun moths
  An iron troll (Depths:1)
  A sixfirhy (Swamp:4)
  4 skeletal warriors (D:13)
  A goliath frog (Swamp:1)
  A pharaoh ant (Spider:3)
  A bog body (Swamp:1)
  3 spriggan druids
  8 orb spiders
  3 glowing orange brains
  2 swamp dragons
  12 deep trolls
  An obsidian statue (Lair:5)
  3 necromancers
  Pikel (D:7)
  3 lindwurms
  A deep elf archer (Elf:3)
  2 arcanists (Vaults:1)
  4 death drakes
  An ironbound convoker (Vaults:2)
  2 steelbarb worms
  4 phantasmal warriors
  3 deep elf zephyrmancers
  A lindwurm (shapeshifter) (Vaults:5)
  An orc sorcerer (Orc:1)
  A sphinx simulacrum (Vaults:4)
  11 wolf spiders
  7 ugly things
  A deep elf pyromancer (Elf:3)
  5 orc knights
  3 cyclopes
  15 elephants
  4 shining eyes
  A manticore (D:13)
  4 moths of wrath
  A will-o-the-wisp (Swamp:2)
  An apocalypse crab (WizLab)
  A human skeleton (Vaults:2)
  A vault sentinel (Vaults:4)
  6 black mambas
  A molten gargoyle (Desolation)
  A guardian serpent (Desolation)
  2 smoke demons (Depths:1)
  2 orange demons (Swamp:4)
  2 torpor snails
  6 cane toads
  A dire elephant skeleton (Lair:5)
  An eye of devastation (Slime:3)
  A yaktaur (shapeshifter) (Elf:1)
  A tormentor (Depths:4)
  8 komodo dragons
  Jeremiah (D:6)
  A spectral glowing shapeshifter (Vaults:4)
  A red devil (Orc:2)
  5 trolls
  3 meliai
  2 hellwings (Swamp:4)
  A polar bear (Lair:5)
  A tyrant leech (Swamp:2)
  10 saltlings (Desolation)
  8 hornets
  A moth of wrath zombie (Zot:2)
  4 glass eyes
  13 tarantellas
  6 blink frogs (Lair:5)
  2 human zombies
  15 slime creatures
  An ice dragon zombie (Zot:2)
  A human simulacrum (Vaults:4)
  2 vampires
  9 culicivoras
  16 jumping spiders
  7 spriggans
  6 air elementals
  2 shadows
  3 wyverns
  A basilisk (Lair:5)
  3 wraiths
  27 redbacks
  30 yaks
  A chaos spawn (Orc:2)
  Eustachio (D:5)
  5 vampire mosquitoes
  5 golden eyes (Slime:2)
  A neqoxec (Swamp:4)
  2 steam dragons
  Menkaure (D:6)
  A spectral cane toad (Lair:5)
  8 swamp worms
  2 deep troll zombies (Vaults:2)
  A warg (Orc:1)
  8 water moccasins
  15 orc warriors
  A swamp drake (Swamp:4)
  3 black bears
  An ettin simulacrum (Vaults:4)
  14 wolves
  4 ogres
  A kobold brigand (D:9)
  Blork the orc (D:6)
  4 bullfrogs
  2 gnoll sergeants
  A scorpion (D:5)
  3 killer bees
  2 howler monkeys
  3 jellies
  A gnoll bouda (D:4)
  12 orc priests
  2 hounds
  Crazy Yiuf (D:3)
  2 iguanas
  16 orc wizards
  9 gnolls
  4 adders
  2 white imps
  40 orcs
  7 ball pythons
  6 endoplasms
  3 giant cockroaches
  4 goblins
  A hobgoblin (D:1)
  4 jackals
  20 kobolds
  A bat (D:1)
  4 frilled lizards
  3 rats
  A butterfly (D:4)
756 creatures vanquished.

Vanquished Creatures (others)
  A lich (Vaults:5)
  A frost giant (Depths:2)
  A draconian shifter (Depths:4)
  3 caustic shrike zombies (Depths:4)
  A dire elephant (Lair:5)
  An acid blob zombie (Slime:5)
  4 very ugly thing zombies
  A demonspawn (Orc:2)
  A spriggan air mage (WizLab)
  An Orb Guardian zombie (Zot:5)
  A boulder beetle (D:11)
  An ironbound frostheart (Vaults:4)
  2 death yaks
  A shock serpent (WizLab)
  A titan zombie (Zot:2)
  2 storm dragon zombies (Zot:5)
  4 quicksilver ooze zombies (Slime:5)
  A bunyip zombie (Swamp:4)
  A spectral death yak (Lair:5)
  3 golden dragon zombies
  Lodul (D:10)
  2 skeletal warriors (D:13)
  A death drake (Swamp:4)
  A spark wasp zombie (WizLab)
  A tengu zombie (Vaults:5)
  2 alligator zombies (Swamp:4)
  A necromancer (Lair:5)
  A jorogumo zombie (Spider:1)
  A shadow dragon zombie (Vaults:5)
  4 wolf spider zombies
  6 ugly thing zombies
  An eleionoma zombie (Swamp:1)
  A stone giant zombie (Depths:1)
  A deep elf zephyrmancer (Elf:1)
  An orc sorcerer (Orc:2)
  A moth of wrath (Zot:1)
  2 fire giant zombies
  A frost giant zombie (Zot:2)
  6 elephants
  2 dire elephant zombies
  An apocalypse crab (WizLab)
  2 centaur zombies (Vaults:1)
  A black mamba (Lair:1)
  2 purple draconian zombies (Zot:1)
  A smoke demon (Depths:1)
  A red draconian zombie (Zot:5)
  5 redback zombies
  4 cane toads
  A white draconian zombie (Zot:1)
  35 human zombies
  3 orb spider zombies
  3 komodo dragons
  2 hydra zombies (Swamp:4)
  A great orb of eyes zombie (Vaults:4)
  4 bloated husks
  A tyrant leech (Swamp:4)
  3 demonic crawler zombies
  A wind drake (WizLab)
  3 culicivora zombies
  7 moth of wrath zombies
  A hornet (Swamp:4)
  4 jumping spider zombies (Spider:4)
  3 fire dragon zombies
  A tarantella zombie (Spider:1)
  12 yaks
  A wyvern (D:8)
  An air elemental (WizLab)
  4 slime creature zombies
  3 ogre zombies
  16 deep troll zombies
  2 skyshark zombies (Vaults:1)
  Duvessa (D:5)
  A faun zombie (Vaults:5)
  An entropy weaver zombie (Spider:4)
  An orc warrior (D:10)
  A water moccasin (D:7)
  A ghost crab zombie (Swamp:4)
  4 hornet zombies
  A lindwurm zombie (Vaults:1)
  3 black bears
  18 elf zombies
  An elephant zombie (Lair:5)
  A swamp dragon zombie (Swamp:4)
  3 wolves
  6 ogres (D:10)
  4 vampire mosquito zombies (Swamp:1)
  3 yaktaur zombies
  An apocalypse crab zombie (WizLab)
  3 bullfrogs
  A cane toad simulacrum (Lair:5)
  A scorpion (D:6)
  A cyclops zombie (D:11)
  Dowan (D:5)
  3 killer bees (D:10)
  6 spriggan zombies
  A jelly (D:7)
  2 orc priests
  An iguana (D:6)
  2 gnolls (D:10)
  An orc zombie (Elf:2)
  2 swamp drake zombies (Swamp:4)
  A white imp (D:6)
  An orc (D:7)
  27 foxfires
  32 snaplasher vines
335 creatures vanquished.

Grand Total: 2625 creatures vanquished

Table legend:
 A = Non-vault XP
 B = Vault XP
 C = Vault XP percentage of total XP
 D = Non-vault monster count
 E = Vault monster count
 F = Vault count percentage of total count
                 A         B        C        D         E       F
            +---------+---------+-------+---------+---------+-------
      Total |  675100 |  688815 |  50.5 |    1377 |     913 |  39.9
            +---------+---------+-------+---------+---------+-------
        D:1 |      33 |       5 |  13.2 |      19 |       5 |  20.8
        D:2 |      50 |       2 |   3.8 |      18 |       1 |   5.3
        D:3 |     212 |      40 |  15.9 |      16 |       1 |   5.9
        D:4 |     174 |     258 |  59.7 |      22 |       4 |  15.4
        D:5 |     572 |     411 |  41.8 |      22 |       3 |  12.0
        D:6 |     764 |     560 |  42.3 |      23 |       3 |  11.5
        D:7 |     416 |     820 |  66.3 |       5 |       5 |  50.0
        D:8 |    2306 |       0 |   0.0 |      21 |       0 |   0.0
        D:9 |    1727 |    1592 |  48.0 |      33 |      12 |  26.7
       D:10 |    1401 |    1697 |  54.8 |      17 |       9 |  34.6
       D:11 |    5928 |   18603 |  75.8 |      48 |      51 |  51.5
       D:12 |    2122 |       0 |   0.0 |       7 |       0 |   0.0
       D:13 |    9310 |       0 |   0.0 |      17 |       0 |   0.0
       D:14 |    5301 |   11888 |  69.2 |      17 |      21 |  55.3
       D:15 |    7834 |    1763 |  18.4 |      19 |       2 |   9.5
     Lair:1 |    5256 |       0 |   0.0 |      25 |       0 |   0.0
     Lair:2 |   10125 |     162 |   1.6 |      32 |       1 |   3.0
     Lair:3 |    7967 |     526 |   6.2 |      30 |       2 |   6.2
     Lair:4 |    8880 |    1005 |  10.2 |      20 |       3 |  13.0
     Lair:5 |   17417 |    9464 |  35.2 |      58 |      26 |  31.0
    Swamp:1 |   20030 |    2280 |  10.2 |      39 |       1 |   2.5
    Swamp:2 |   11359 |    5963 |  34.4 |      26 |      14 |  35.0
    Swamp:3 |    9628 |       0 |   0.0 |      14 |       0 |   0.0
    Swamp:4 |   17667 |   23870 |  57.5 |      33 |      36 |  52.2
   Spider:1 |   15711 |    4460 |  22.1 |      40 |      10 |  20.0
   Spider:2 |   18301 |    1626 |   8.2 |      46 |       6 |  11.5
   Spider:3 |   17820 |       0 |   0.0 |      44 |       0 |   0.0
   Spider:4 |   23901 |   26539 |  52.6 |      54 |      46 |  46.0
    Slime:1 |    4808 |       0 |   0.0 |       9 |       0 |   0.0
    Slime:2 |    4914 |       0 |   0.0 |      11 |       0 |   0.0
    Slime:3 |    8341 |       0 |   0.0 |      12 |       0 |   0.0
    Slime:4 |     532 |       0 |   0.0 |       1 |       0 |   0.0
    Slime:5 |   17057 |   30764 |  64.3 |      26 |      25 |  49.0
      Orc:1 |    3917 |    1497 |  27.7 |      25 |       1 |   3.8
      Orc:2 |    1835 |   16693 |  90.1 |      30 |      62 |  67.4
      Elf:1 |   15057 |   13546 |  47.4 |      23 |      20 |  46.5
      Elf:2 |   13743 |    1662 |  10.8 |      34 |       2 |   5.6
      Elf:3 |   22378 |   37177 |  62.4 |      35 |      31 |  47.0
   Vaults:1 |   27570 |   22033 |  44.4 |      36 |      30 |  45.5
   Vaults:2 |   29735 |   25024 |  45.7 |      43 |      27 |  38.6
   Vaults:3 |   22915 |   40335 |  63.8 |      31 |      51 |  62.2
   Vaults:4 |   25792 |   27137 |  51.3 |      31 |      34 |  52.3
   Vaults:5 |   13826 |  108844 |  88.7 |      17 |      94 |  84.7
   Depths:1 |   47895 |   18570 |  27.9 |      54 |      23 |  29.9
   Depths:2 |   42012 |   22374 |  34.7 |      51 |      24 |  32.0
   Depths:3 |       0 |   22589 | 100.0 |       0 |      25 | 100.0
   Depths:4 |   56996 |   26162 |  31.5 |      59 |      26 |  30.6
      Zot:1 |   32064 |       0 |   0.0 |      30 |       0 |   0.0
      Zot:2 |    8897 |   39393 |  81.6 |       8 |      32 |  80.0
      Zot:3 |    9642 |       0 |   0.0 |      10 |       0 |   0.0
      Zot:4 |    1912 |       0 |   0.0 |       2 |       0 |   0.0
      Zot:5 |   41050 |   58903 |  58.9 |      34 |      24 |  41.4
     WizLab |       0 |   19222 | 100.0 |       0 |      34 | 100.0
 Desolation |       0 |   43356 | 100.0 |       0 |      86 | 100.0
            +---------+---------+-------+---------+---------+-------

Skill      XL: |  1  2  3  4  5  6  7  8  9 10 11 12 13 14 15 16 17 18 19 20 21 22 23 24 25 26 27 |
---------------+----------------------------------------------------------------------------------+-----
Stealth        | 2 3 |  3.2
Summonings     | 5 6 7 |  7.7
Hexes          | 3 |  3.8
Dodging        | 3 6 7 8 10 11 12 14 15 17 19 20 | 20.4
Fighting       | 3 6 8 10 12 13 15 16 18 20 21 | 21.3
Spellcasting   | 3 4 8 10 11 12 16 17 | 17.0
Conjurations   | 4 6 7 8 10 14 | 14.6
Earth Magic    | 4 6 10 | 10.9
Evocations     | 2 3 5 6 14 16 17 | 17.6
Air Magic      | 4 6 |  6.0
Translocations | 4 |  4.0
Ice Magic      | 4 5 7 |  7.1
Shields        | 3 10 12 | 12.9
Necromancy     | 4 7 9 |  9.5
Polearms       | 10 11 | 11.5
Staves         | 6 11 | 11.8

Action                     |  1- 3 |  4- 6 |  7- 9 | 10-12 | 13-15 | 16-18 | 19-21 | 22-24 | 25-27 || total
---------------------------+-------+-------+-------+-------+-------+-------+-------+-------+-------++-------
  Melee: Dagger            |    65 |    35 |   136 |       |       |       |       |       |       ||   236
         Unarmed           |     4 |       |       |       |       |       |       |       |       ||     4
         Punch             |     1 |       |     3 |     1 |     8 |       |       |       |       ||    13
         Trident           |       |       |    46 |   181 |   513 |    27 |       |       |       ||   767
         Demon trident     |       |       |       |       |       |   645 |  1075 |   641 |       ||  2361
         Staff             |       |       |       |       |       |       |       |   223 |   824 ||  1047
  Throw: Dart              |     1 |     7 |     1 |       |       |       |       |       |       ||     9
   Cast: Summon Small Mamm |    36 |    20 |    11 |    11 |       |       |       |       |       ||    78
         Call Imp          |    18 |    24 |    22 |    17 |     2 |       |       |       |       ||    83
         Call Canine Famil |       |    21 |    46 |    44 |    53 |     7 |     2 |       |     1 ||   174
         Summon Guardian G |       |     2 |    34 |    58 |    22 |     1 |       |       |       ||   117
         Stone Arrow       |       |       |     5 |     9 |    10 |     1 |       |       |       ||    25
         Summon Lightning  |       |       |       |    38 |    56 |    22 |     4 |     1 |     3 ||   124
         Summon Forest     |       |       |       |     4 |    27 |    28 |    12 |     9 |     8 ||    88
         Freezing Cloud    |       |       |       |     3 |   122 |   122 |   105 |    67 |    29 ||   448
         Iskenderun's Myst |       |       |       |       |    14 |       |       |       |       ||    14
         Borgnjor's Vile C |       |       |       |       |    54 |   108 |   105 |    68 |    37 ||   372
         Animate Dead      |       |       |       |       |     1 |    13 |    17 |    14 |    13 ||    58
         Death Channel     |       |       |       |       |       |    22 |    23 |    21 |    21 ||    87
         Summon Mana Viper |       |       |       |       |       |       |    19 |     7 |     8 ||    34
         Dispel Undead     |       |       |       |       |       |       |       |     7 |     8 ||    15
         Yara's Violent Un |       |       |       |       |       |       |       |     5 |       ||     5
         Lehudib's Crystal |       |       |       |       |       |       |       |       |    21 ||    21
         Ozocubu's Refrige |       |       |       |       |       |       |       |       |     3 ||     3
         Wereblood         |       |       |       |       |       |       |       |       |     1 ||     1
         Apportation       |       |       |       |       |       |       |       |       |     1 ||     1
 Invoke: Curse Item        |       |       |     5 |     3 |     3 |     3 |     4 |     5 |       ||    23
         Shatter the Chain |       |       |     1 |     1 |     1 |     2 |     8 |     1 |       ||    14
  Evoke: Wand              |       |       |       |     6 |     8 |    17 |     9 |     4 |     4 ||    48
         Sack of spiders   |       |       |       |       |       |     2 |     4 |     2 |     1 ||     9
         Phantom mirror    |       |       |       |       |       |     3 |     3 |     2 |     2 ||    10
         Phial of floods   |       |       |       |       |       |       |     2 |       |       ||     2
         Condenser vane    |       |       |       |       |       |       |     2 |     4 |     1 ||     7
         Lightning rod     |       |       |       |       |       |       |     1 |    13 |     1 ||    15
    Use: Scroll            |     1 |     3 |     2 |     1 |     3 |    17 |     8 |     3 |    16 ||    54
         Potion            |       |       |       |       |       |     5 |     3 |     4 |     7 ||    19
   Stab: Distracted        |     1 |       |     5 |     6 |    21 |    19 |    25 |    28 |    21 ||   126
         Sleeping          |       |     1 |     1 |       |     1 |    10 |    20 |    12 |     8 ||    53
         Confused          |       |       |       |       |       |       |       |     1 |     2 ||     3
 Armour: Robe              |    27 |       |    25 |    96 |   145 |   175 |   203 |   187 |   239 ||  1097
         Leather armour    |     7 |    25 |    54 |       |       |       |       |       |       ||    86
  Dodge: Dodged            |    61 |     8 |   101 |   141 |   412 |   318 |   447 |   332 |   461 ||  2281
  Block: Other             |       |       |    19 |    25 |    21 |       |       |       |       ||    65
         Kite shield       |       |       |       |       |   483 |   477 |   597 |   509 |   683 ||  2749
         Reflection        |       |       |       |       |       |       |     8 |    30 |    13 ||    51

Illustrated notes

Table legend:
 A = Kills in this place as a percentage of kills in the entire game.
 B = Kills by you in this place as a percentage of kills by you in the entire game.
 C = Kills by friends in this place as a percentage of kills by friends in the entire game.
 D = Other kills in this place as a percentage of other kills in the entire game.
 E = Experience gained in this place as a percentage of experience gained in the entire game.
 F = Experience gained in this place divided by the number of levels of this place that you have seen.
                   A       B       C       D       E      F
               +-------+-------+-------+-------+-------+----------------------
         Total | 100.0 | 100.0 | 100.0 | 100.0 | 100.0 | 24864.5
       Dungeon |  18.4 |  13.4 |  25.7 |  42.2 |   5.6 | 5139.5
          Lair |   8.6 |   3.4 |  15.1 |  41.0 |   4.4 | 12160.4
         Swamp |   7.1 |   7.4 |   6.7 |   4.8 |   6.6 | 22699.2
   Spider Nest |  10.7 |   8.7 |  16.0 |   0.0 |   7.9 | 27089.5
    Slime Pits |   3.7 |   2.7 |   6.0 |   0.0 |   4.9 | 13283.2
  Orcish Mines |   5.1 |   5.6 |   4.6 |   2.4 |   1.8 | 11971.0
   Elven Halls |   6.3 |   8.9 |   1.7 |   1.2 |   7.6 | 34521.0
        Vaults |  17.2 |  21.7 |   9.9 |   2.4 |  25.1 | 68642.2
        Depths |  11.5 |  14.5 |   6.7 |   3.6 |  17.5 | 59732.5
           Zot |   6.1 |   8.0 |   2.9 |   1.2 |  14.0 | 38372.2
        Wizlab |   1.5 |   1.3 |   1.9 |   1.2 |   1.4 | 19222.0
    Desolation |   3.7 |   4.5 |   2.7 |   0.0 |   3.2 | 43356.0
               +-------+-------+-------+-------+-------+----------------------

Table legend: (Time is in decaauts)
 A = Elapsed time spent in this place.
 B = Non-inter-level travel time spent in this place.
 C = Inter-level travel time spent in this place.
 D = Time resting spent in this place.
 E = Time spent auto-exploring this place.
 F = Levels seen in this place.
 G = Mean time per level.
                   A        B        C        D        E       F      G
               +--------+--------+--------+--------+--------+-----+--------+
         Total |  77592 |  71874 |   5718 |  15208 |  39641 |  55 | 1410.8 |
       Dungeon |  24534 |  21912 |   2622 |   4475 |  12763 |  15 | 1635.6 |
        Temple |     22 |     11 |     11 |      0 |      0 |   1 |   22.0 |
          Lair |   9229 |   8354 |    875 |   1437 |   5315 |   5 | 1845.8 |
         Swamp |   6570 |   6192 |    378 |   1898 |   3013 |   4 | 1642.5 |
   Spider Nest |   5358 |   5156 |    202 |   1062 |   2929 |   4 | 1339.5 |
    Slime Pits |   1161 |   1027 |    134 |    227 |    319 |   5 |  232.2 |
  Orcish Mines |   3362 |   3234 |    128 |   1189 |   1409 |   2 | 1681.0 |
   Elven Halls |   4108 |   3918 |    190 |    563 |   2511 |   3 | 1369.3 |
        Vaults |   9477 |   8748 |    729 |    980 |   5519 |   5 | 1895.4 |
        Depths |   6495 |   6145 |    350 |    925 |   3751 |   4 | 1623.8 |
           Zot |   4683 |   4589 |     94 |   1449 |   1806 |   5 |  936.6 |
        Wizlab |   1225 |   1225 |      0 |    648 |      0 |   1 | 1225.0 |
    Desolation |   1363 |   1363 |      0 |    355 |    302 |   1 | 1363.0 |
               +--------+--------+--------+--------+--------+-----+--------+

Top non-repeatable levels by time:
    D:11: 3221 daAuts
    D:14: 3187 daAuts
Vaults:5: 2531 daAuts
Depths:4: 2293 daAuts
  Lair:5: 2261 daAuts
     D:9: 2204 daAuts
   Zot:5: 2163 daAuts
Vaults:2: 2110 daAuts
Depths:2: 2034 daAuts
   Orc:2: 2032 daAuts
 Swamp:2: 1913 daAuts
  Lair:2: 1908 daAuts
  Lair:3: 1891 daAuts
 Swamp:4: 1815 daAuts
     D:5: 1773 daAuts
